 Dungeon Crawl Stone Soup version 0.30-b1-2-g02819fbbbe (webtiles) character file.

Game seed: 9714165514006605403

6772805 Galthrax the Phalangite (level 27, 231/231 HPs)
             Began as a Gnoll Conjurer on Oct 5, 2023.
             Was the Champion of Vehumet.
             Escaped with the Orb
             ... and 10 runes on Oct 8, 2023!
             The game lasted 05:16:50 (112477 turns).

Galthrax the Phalangite (Gnoll Conjurer)          Turns: 112477, Time: 05:16:51

Health: 231/231    AC: 25    Str:  8    XL:     27
Magic:  58/58      EV: 27    Int: 38    God:    Vehumet [******]
Gold:   8126       SH:  0    Dex: 18    Spells: 5/71 levels left

rFire   + + .        a - +3 short sword of Indomitability {holy, rC++ rN+ Int+2}
rCold   + + .        S - orb {*channel}
rNeg    + . .        x - +4 robe of Daffodils {Int+3 SInv}
rPois   +            w - +2 hat "Tuerry" {Rampage Fly rPois}
rElec   +            s - +2 cloak {Stlth+}
rCorr   .            Q - +5 pair of gloves of Ugauzuho {rF+ Regen+ Stlth+}
SInv    +            H - +2 pair of boots {Fly}
Will    ++...        g - amulet of magic regeneration
Stlth   ++++         y - ring of the Grand Breadfruit {rElec rF+ MP+9 Dex+6}
HPRegen 1.38/turn    I - +6 ring of intelligence
MPRegen 0.76/turn

%: clarity, rampage, channel magic (20%)
@: flying, studying Polearms
A: fangs 1, strong nose, distributed training, hooves 1, thin skeletal structure
1, clarity, clumsy 1, deterioration 1, dopey 1
0: Orb of Zot
}: 10/15 runes: decaying, slimy, silver, abyssal, demonic, glowing, magical,
fiery, dark, gossamer
a: Renounce Religion


You escaped.
You worshipped Vehumet.
Vehumet was exalted by your worship.
You visited 12 branches of the dungeon, and saw 54 of its levels.
You visited Pandemonium 1 time, and saw 13 of its levels.
You visited the Abyss 1 time.
You visited 1 bazaar.
You also visited: Sewer, Ossuary, Bailey and Wizlab.

You collected 11414 gold pieces.
You spent 3288 gold pieces at shops.


Innate Abilities, Weirdness & Mutations

You have very sharp teeth.
Your uncanny sense of smell can sniff out nearby items.
Your experience applies equally to all skills.
You have large cloven feet.
You have a somewhat thin skeletal structure. (Dex +2, Stealth+)
You possess an exceptional clarity of mind.
You are clumsy. (Dex -2)
Your body sometimes deteriorates upon taking damage.
You are dopey. (Int -2)


   Skills:
 + Level 22.1 Fighting
 + Level 22.1 Short Blades
 + Level 22.1 Long Blades
 + Level 22.1 Axes
 + Level 22.1 Maces & Flails
 + Level 26.5 Polearms
 + Level 22.1 Staves
 + Level 22.1 Ranged Weapons
 + Level 22.1 Throwing
 + Level 22.1 Armour
 + Level 22.5 Dodging
 + Level 22.5 Stealth
 + Level 22.1 Shields
 + Level 22.1 Unarmed Combat
 + Level 22.6 Spellcasting
 + Level 20.1 Conjurations
 + Level 19.0 Hexes
 + Level 19.0 Summonings
 + Level 19.0 Necromancy
 + Level 19.0 Translocations
 + Level 19.0 Transmutations
 + Level 19.0 Fire Magic
 + Level 19.0 Ice Magic
 + Level 19.0 Air Magic
 + Level 19.0 Earth Magic
 + Level 19.0 Poison Magic
 + Level 23.9 Invocations
 + Level 22.1 Evocations


You had 5 spell levels left.
You knew the following spells:

 Your Spells              Type           Power      Damage    Failure   Level
c - Lehudib's Crystal Sp  Conj/Erth      56%        10d13     1%          8
d - Spellforged Servitor  Conj/Summ      56%        N/A       1%          7
f - Fireball              Conj/Fire      56%        3d22      1%          5
h - Hailstorm             Conj/Ice       100%       3d20      1%          3
i - Iskenderun's Mystic   Conj/Tloc      100%       2d19      1%          4
l - Lee's Rapid Deconstr  Erth           56%        3d26*     1%          5
m - Magic Dart            Conj           100%       1d8       1%          1
o - Orb of Destruction    Conj           57%        9d14      1%          7
r - Shatter               Erth           56%        3d42*     13%         9
s - Searing Ray           Conj           100%       2d8       1%          2
F - Fire Storm            Conj/Fire      56%        8d14      11%         9
S - Starburst             Conj/Fire      56%        6d15      1%          6

Your spell library contained the following spells:

 Spells                   Type           Power      Damage    Failure   Level
 Apportation              Tloc           100%       N/A       1%          1
 Beastly Appendage        Tmut           100%       N/A       1%          1
 Freeze                   Ice            100%       1d10      1%          1
 Kiss of Death            Conj/Necr      100%       2d13      1%          1
 Necrotise                Necr           100%       1d9       1%          1
 Sandblast                Erth           100%       2d20      1%          1
 Shock                    Conj/Air       100%       1d9       1%          1
 Slow                     Hex            100%       N/A       1%          1
 Sting                    Tmut/Pois      100%       1d8       1%          1
 Summon Small Mammal      Summ           100%       N/A       1%          1
 Blink                    Tloc           100%       N/A       1%          2
 Call Imp                 Summ           100%       N/A       1%          2
 Cigotuvi's Dreadful Rot  Necr/Pois/Air  100%       N/A       1%          2
 Ensorcelled Hibernation  Hex/Ice        100%       N/A       1%          2
 Lesser Beckoning         Tloc           100%       N/A       1%          2
 Passwall                 Tmut/Erth      93%        N/A       1%          2
 Poisonous Vapours        Pois/Air       100%       N/A       1%          2
 Sublimation of Blood     Necr           100%       N/A       1%          2
 Wereblood                Tmut           100%       N/A       1%          2
 Call Canine Familiar     Summ           100%       N/A       1%          3
 Confusing Touch          Hex            100%       N/A       1%          3
 Dazzling Flash           Conj/Hex       100%       N/A       1%          3
 Frozen Ramparts          Ice            100%       1d16      1%          3
 Gell's Gravitas          Tloc           100%       N/A       1%          3
 Inner Flame              Hex/Fire       100%       N/A       1%          3
 Mephitic Cloud           Conj/Pois/Air  100%       N/A       1%          3
 Ozocubu's Armour         Ice            100%       N/A       1%          3
 Portal Projectile        Hex/Tloc       100%       N/A       1%          3
 Spider Form              Tmut/Pois      100%       N/A       1%          3
 Stone Arrow              Conj/Erth      100%       3d13      1%          3
 Summon Guardian Golem    Hex/Summ       100%       N/A       1%          3
 Swiftness                Air            100%       N/A       1%          3
 Teleport Other           Tloc           100%       N/A       1%          3
 Vampiric Draining        Necr           100%       2d13      1%          3
 Vhi's Electric Charge    Tloc/Air       100%       N/A       1%          3
 Airstrike                Air            56%        2d(8-24)  1%          4
 Animate Armour           Summ/Erth      100%       N/A       1%          4
 Animate Dead             Necr           100%       N/A       1%          4
 Dispel Undead            Necr           100%       3d31      1%          4
 Fulminant Prism          Conj/Hex       56%        3d25      1%          4
 Ice Form                 Ice/Tmut       100%       N/A       1%          4
 Leda's Liquefaction      Hex/Erth       56%        N/A       1%          4
 Manifold Assault         Tloc           100%       N/A       1%          4
 Olgreb's Toxic Radiance  Pois           100%       N/A       1%          4
 Passage of Golubria      Tloc           100%       N/A       1%          4
 Petrify                  Tmut/Erth      100%       N/A       1%          4
 Agony                    Necr           100%       N/A       1%          5
 Alistair's Intoxication  Tmut/Pois      74%        N/A       1%          5
 Arcjolt                  Conj/Air       56%        1d66      1%          5
 Blade Hands              Tmut           56%        N/A       1%          5
 Borgnjor's Vile Clutch   Necr/Erth      56%        N/A       1%          5
 Freezing Cloud           Conj/Ice/Air   56%        6-21      1%          5
 Irradiate                Conj/Tmut      56%        3d30      1%          5
 Iskenderun's Battlesphe  Conj           100%       2d15      1%          5
 Metabolic Englaciation   Hex/Ice        56%        N/A       1%          5
 Silence                  Hex/Air        56%        N/A       1%          5
 Summon Forest            Summ/Tloc      56%        N/A       1%          5
 Summon Mana Viper        Hex/Summ       100%       N/A       1%          5
 Yara's Violent Unravell  Hex/Tmut       56%        3d21      1%          5
 Dispersal                Tloc           56%        N/A       1%          6
 Eringya's Noxious Bog    Tmut/Pois      56%        N/A       1%          6
 Iron Shot                Conj/Erth      56%        9d11      1%          6
 Simulacrum               Ice/Necr       56%        N/A       1%          6
 Statue Form              Tmut/Erth      74%        N/A       1%          6
 Summon Cactus Giant      Summ           56%        N/A       1%          6
 Maxwell's Capacitive Co  Air            56%        ∞         1%          8
 Enfeeble                 Hex            56%        N/A       2%          7
 Haunt                    Necr/Summ      56%        N/A       2%          7
 Monstrous Menagerie      Summ           56%        N/A       2%          7
 Storm Form               Tmut/Air       56%        N/A       2%          7
 Summon Hydra             Summ           56%        N/A       2%          7
 Borgnjor's Revivificati  Necr           56%        N/A       7%          8
 Disjunction              Tloc           56%        N/A       7%          8
 Infestation              Necr           56%        N/A       7%          8
 Necromutation            Tmut/Necr      56%        N/A       7%          8
 Chain Lightning          Conj/Air       56%        3d75      11%         9
 Death's Door             Necr           56%        N/A       43%         9

Inventory:

Hand Weapons
 a - the +3 short sword of Indomitability (weapon) {holy, rC++ rN+ Int+2}
   (You found it on level 2 of the Dungeon)

   Int:       It affects your intelligence (+2).
   rC:        It greatly protects you from cold.
   rN:        It protects you from negative energy.
 G - the +7 hand axe of the Blowfly {flame, rPois rC- rN+ Will+++}
   (You found it in Pandemonium)

   rC:        It makes you vulnerable to cold.
   rPois:     It protects you from poison.
   rN:        It protects you from negative energy.
   Will:      It greatly increases your willpower.
 J - the +7 broad axe of the Lumpy Lives {drain, rF+ rN++ Dex+2 SInv}
   (You found it on level 3 of the Elven Halls)

   Dex:       It affects your dexterity (+2).
   rF:        It protects you from fire.
   rN:        It greatly protects you from negative energy.
   SInv:      It lets you see invisible.
Missiles
 e - 8 throwing nets {=f!f}
 f - 13 boomerangs of dispersal {=f!f}
 o - 9 curare-tipped darts {=f}
 v - 11 silver javelins
 z - 2 silver boomerangs
Armour
 l - the +2 buckler of Immorality {+Inv rElec}
   (You found it on level 3 of the Elven Halls)

   rElec:     It insulates you from electricity.
   +Inv:      It lets you turn invisible.
 s - a +2 cloak of stealth (worn)
   (You found it on level 5 of the Lair of Beasts)
 w - the +2 hat "Tuerry" (worn) {Rampage Fly rPois}
   (You found it on level 3 of the Spider Nest)

   rPois:     It protects you from poison.
   Fly:       It grants you flight.
   Rampage:   It bestows one free step when moving towards enemies.
 x - the +4 robe of Daffodils (worn) {Int+3 SInv}
   (You found it on level 3 of the Elven Halls)

   Int:       It affects your intelligence (+3).
   SInv:      It lets you see invisible.
 H - a +2 pair of boots of flying (worn)
   (You found it in a bailey)
 Q - the +5 pair of gloves of Ugauzuho (worn) {rF+ Regen+ Stlth+}
   (You bought it in a shop on level 9 of the Dungeon)

   rF:        It protects you from fire.
   Regen:     It increases your rate of health regeneration.
   Stlth:     It makes you more stealthy.
 S - an orb of energy (worn)
   (You found it on level 11 of the Dungeon)
Magical Staves
 b - a staff of conjuration {!a}
   (You found it on level 11 of the Dungeon)
Jewellery
 g - an amulet of magic regeneration (around neck)
   (You bought it in a shop on level 2 of the Orcish Mines)
 k - an amulet of reflection
   (You found it on level 2 of the Dungeon)
 y - the ring of the Grand Breadfruit (left hand) {rElec rF+ MP+9 Dex+6}
   (You found it on level 15 of the Dungeon)

   [ring of dexterity]

   Dex:       It affects your dexterity (+6).
   rF:        It protects you from fire.
   rElec:     It insulates you from electricity.
   MP:        It affects your magic capacity (+9).
 I - a +6 ring of intelligence (right hand)
   (You found it on level 13 of the Dungeon)
 N - a ring of willpower
   (You found it on level 3 of the Swamp)
 R - a ring of resist corrosion
   (You found it on level 3 of the Spider Nest)
Wands
 E - a wand of acid (57)
   (You found it on level 3 of the Vaults)
 F - a wand of polymorph (15)
   (You found it on level 2 of the Spider Nest)
 K - a wand of mindburst (44)
   (You took it off a kobold on level 9 of the Dungeon)
 O - a wand of charming (77)
   (You found it on level 8 of the Dungeon)
 V - a wand of flame (155)
   (You found it on level 5 of the Lair of Beasts)
 X - a wand of iceblast (67)
   (You found it on level 11 of the Dungeon)
 Y - a wand of digging (31)
   (You took it off Urug on level 12 of the Dungeon)
Scrolls
 d - 13 scrolls of magic mapping {!r}
 h - 10 scrolls of immolation {!r!r}
 t - 13 scrolls of fear
 D - 18 scrolls of fog
 Z - 17 scrolls of poison {!r}
Potions
 c - 22 potions of curing {@q1}
 j - 12 potions of might
 p - 4 potions of resistance
 q - 7 potions of heal wounds {@q2}
 u - 13 potions of brilliance
 A - 13 potions of attraction {!q}
 B - 9 potions of haste {@q3}
 P - 11 potions of cancellation
 W - 8 potions of mutation {!q}
Miscellaneous
 m - a phial of floods
   (You found it on level 15 of the Dungeon)
 n - the horn of Geryon
   (You took it off Geryon in the Vestibule of Hell)
 C - a lightning rod (4/4)
   (You found it on level 2 of the Lair of Beasts)
 M - a condenser vane
   (You found it on level 4 of the Swamp)
 T - a phantom mirror
   (You found it on level 15 of the Dungeon)
 U - a box of beasts
   (You found it on level 1 of the Spider Nest)

Dungeon Overview and Level Annotations

Branches:
Dungeon (15/15)            Temple (1/1) D:5            Lair (5/5) D:11
  Swamp (4/4) Lair:2       Spider (4/4) Lair:2        Slime (5/5) Lair:5
    Orc (2/2) D:10            Elf (3/3) Orc:2        Vaults (5/5) D:14
  Crypt (0/3) Vaults:3     Depths (4/4) D:15           Hell (visited)
    Dis (0/7) Hell            Geh (0/7) Hell            Coc (0/7) Hell
    Tar (0/7) Hell            Zot (5/5) Depths:4      Sewer (visited)
Ossuary (visited)          Bailey (visited)          WizLab (visited)

Altars:
Ashenzari
Cheibriados
Dithmenos
Elyvilon
Fedhas
Gozag
Hepliaklqana
Kikubaaqudgha
Makhleb
Nemelex Xobeh
Okawaru
Qazlal
Ru
Sif Muna
Trog
Uskayaw
Vehumet
Wu Jian
Xom
Yredelemnul
Zin
The Shining One
Jiyva

Shops:
D:7 :[   D:9 [   D:10 [   Orc:2 (=[?[   Vaults:2 !   Vaults:5 ?!   Depths:2 (
Depths:3 ?

Portals:
Hell: Depths:1 Depths:2 Depths:3 Depths:4
Abyss: Depths:1 Depths:3
Pandemonium: Depths:2
Ziggurat: Depths:3
Trove: Vaults:2 (give 8 scrolls of blinking)

Annotations:
Vaults:2 Vorhees's ghost, adept DsMo
Zot:2 2 transporters, exclusion: orange crystal statue

######.#####.########.####
.........................#
########.#######'#######.#
#.#...^.........#.#
#.#.#####.#####.#.#
#.#.#.........#.#.#
#.#.#.###.###.#.#.#
####.#.#.#.....#.#.#.####
#....#...#..@..#...#....#
#.##.#.#.#.....#.#.#.##.#
#.##.#.#.###.###.#.#.##.#
#.##.#.#.........#.#.##.#
#.##.#.###########.#.##.#
#####.##.#.............#.##.#
.......#.#######'#######.##.##
.......#..†..............#...#
###########.########.#######.#


There were no monsters in sight!


Message History

Aim: a Hell Sentinel (98% to hit)
The crystal spear hits the Hell Sentinel!!!
Magical energy flows into your mind! The Hell Sentinel gestures at you.
The sphere of damnation explodes!
The damnation engulfs you!!! 😕 HP[-45] MP[+1]
You take 45 damage, and now have 186/231 hp.
Casting: Lehudib's Crystal Spear (mildly dangerous; 1% risk of failure)
Confirm with . or Enter, or press ? or * to list all spells.
Aiming: Lehudib's Crystal Spear (mildly dangerous; 1% risk of failure)
Press: ? - help, Shift-Dir - straight line, f/p - Hell Sentinel
Aim: a Hell Sentinel (heavily wounded, 98% to hit)
The crystal spear hits the Hell Sentinel!!!
A sun demon comes into view. 😕 HP[+2] MP[-7]
You regained 2 hp, and now have 188/231 hp.
You lost 7 mp, and now have 50/58 mp.
Casting: Lehudib's Crystal Spear (mildly dangerous; 1% risk of failure)
Confirm with . or Enter, or press ? or * to list all spells.
Aiming: Lehudib's Crystal Spear (mildly dangerous; 1% risk of failure)
Press: ? - help, Shift-Dir - straight line, f/p - Hell Sentinel
Aim: a Hell Sentinel (almost dead, 98% to hit)
The crystal spear hits the Hell Sentinel!!!
You kill the Hell Sentinel!
Vehumet accepts your kill.
You feel your power returning. 😕 HP[+1] MP[-3]
You lost 3 mp, and now have 47/58 mp. 😕 HP[+2]
You regained 2 hp, and now have 191/231 hp. 😕 HP[+1] MP[+1] 😕 HP[+1] MP[+1]
Casting: Lehudib's Crystal Spear (mildly dangerous; 1% risk of failure)
Confirm with . or Enter, or press ? or * to list all spells.
Aiming: Lehudib's Crystal Spear (mildly dangerous; 1% risk of failure)
Press: ? - help, Shift-Dir - straight line, f - sun demon
Aim: a sun demon (79% to hit)
The crystal spear hits the sun demon!!!
You kill the sun demon!
Vehumet accepts your kill.
You feel your power returning. 😕 HP[+2] MP[-3]
You regained 2 hp, and now have 195/231 hp.
You lost 3 mp, and now have 46/58 mp. 😕 HP[+1] 😕 HP[+1] MP[+1] 😕 HP[+2] MP[+1]
You regained 2 hp, and now have 199/231 hp. 😕 HP[+1] MP[+1] 😕 HP[+2]
You regained 2 hp, and now have 202/231 hp. 😕 HP[+1] MP[+1] 😕 HP[+1] MP[+1] 😕 HP[+2] MP[+1]
You regained 2 hp, and now have 206/231 hp. 😕 HP[+1] 😕 HP[+1] MP[+1] 😕 HP[+2] MP[+1]
You regained 2 hp, and now have 210/231 hp. 😕 HP[+1] MP[+1] 😕 HP[+2] MP[+1]
You regained 2 hp, and now have 213/231 hp. 😕 HP[+1] 😕 HP[+1] MP[+1] 😕 HP[+2] MP[+1]
You regained 2 hp, and now have 217/231 hp.
Your mp is fully restored (58). 😕 HP[+1] 😕 HP[+2]
You regained 2 hp, and now have 220/231 hp. 😕 HP[+1] 😕 HP[+1] 😕 HP[+2]
You regained 2 hp, and now have 224/231 hp. 😕 HP[+1] 😕 HP[+1] 😕 HP[+2]
You regained 2 hp, and now have 228/231 hp. 😕 HP[+1] 😎 HP[+2]
Your hp is fully restored (231).
There is a stone staircase leading up here.
You fly upwards.
There is a stone staircase leading down here.
You see here a +0 short sword.
Aiming: Dig
Press: ? - help, Shift-Dir - straight line A rock wall.
This square is covered in magical glow.
The rock shatters into small pieces.
You reach down and open the door.
There is an open door here.
Aiming: Dig
Press: ? - help, Shift-Dir - straight line A rock wall.
This square is covered in magical glow.
The rock shatters into small pieces.
There is a staircase leading out of the dungeon here.
You can't go down here!
You have escaped!

Skill      XL: |  1  2  3  4  5  6  7  8  9 10 11 12 13 14 15 16 17 18 19 20 21 22 23 24 25 26 27 |
---------------+----------------------------------------------------------------------------------+-----
Spellcasting   | 5 6 7 8 9 10 11 12 13 14 15 16 17 18 19 22 | 22.6
Invocations    | 1 2 3 4 5 6 7 8 10 11 12 13 14 15 16 17 18 19 23 | 23.9
Fighting       | 1 2 3 5 6 7 8 9 10 11 12 13 14 15 16 17 18 22 | 22.1
Short Blades   | 1 2 3 5 6 7 8 9 10 11 12 13 14 15 16 17 18 22 | 22.1
Long Blades    | 1 2 3 5 6 7 8 9 10 11 12 13 14 15 16 17 18 22 | 22.1
Axes           | 1 2 3 5 6 7 8 9 10 11 12 13 14 15 16 17 18 22 | 22.1
Maces & Flails | 1 2 3 5 6 7 8 9 10 11 12 13 14 15 16 17 18 22 | 22.1
Polearms       | 1 2 3 5 6 7 8 9 10 11 12 13 14 15 16 18 19 20 26 | 26.5
Staves         | 1 2 3 5 6 7 8 9 10 11 12 13 14 15 16 17 18 22 | 22.1
Ranged Weapons | 1 2 3 5 6 7 8 9 10 11 12 13 14 15 16 17 18 22 | 22.1
Throwing       | 1 2 3 5 6 7 8 9 10 11 12 13 14 15 16 17 18 22 | 22.1
Armour         | 1 2 3 5 6 7 8 9 10 11 12 13 14 15 16 17 18 22 | 22.1
Shields        | 1 2 3 5 6 7 8 9 10 11 12 13 14 15 16 17 18 22 | 22.1
Unarmed Combat | 1 2 3 5 6 7 8 9 10 11 12 13 14 15 16 17 18 22 | 22.1
Evocations     | 1 2 3 5 6 7 8 9 10 11 12 13 14 15 16 17 18 22 | 22.1
Hexes          | 1 2 3 4 5 6 7 8 9 10 11 12 13 14 15 19 | 19.0
Summonings     | 1 2 3 4 5 6 7 8 9 10 11 12 13 14 15 19 | 19.0
Necromancy     | 1 2 3 4 5 6 7 8 9 10 11 12 13 14 15 19 | 19.0
Translocations | 1 2 3 4 5 6 7 8 9 10 11 12 13 14 15 19 | 19.0
Transmutations | 1 2 3 4 5 6 7 8 9 10 11 12 13 14 15 19 | 19.0
Fire Magic     | 1 2 3 4 5 6 7 8 9 10 11 12 13 14 15 19 | 19.0
Ice Magic      | 1 2 3 4 5 6 7 8 9 10 11 12 13 14 15 19 | 19.0
Air Magic      | 1 2 3 4 5 6 7 8 9 10 11 12 13 14 15 19 | 19.0
Earth Magic    | 1 2 3 4 5 6 7 8 9 10 11 12 13 14 15 19 | 19.0
Poison Magic   | 1 2 3 4 5 6 7 8 9 10 11 12 13 14 15 19 | 19.0
Dodging        | 5 6 7 8 9 10 11 12 13 14 15 16 17 18 22 | 22.5
Stealth        | 5 6 7 8 9 10 11 12 13 14 15 16 17 18 22 | 22.5
Conjurations   | 8 9 10 11 12 13 14 15 16 17 20 | 20.1

Action                     |  1- 3 |  4- 6 |  7- 9 | 10-12 | 13-15 | 16-18 | 19-21 | 22-24 | 25-27 || total
---------------------------+-------+-------+-------+-------+-------+-------+-------+-------+-------++-------
  Melee: Whip              |     4 |       |       |       |       |       |       |       |       ||     4
         Short sword       |       |    14 |    64 |   172 |       |       |       |       |   916 ||  1166
         Bite              |       |     1 |     5 |    63 |    27 |    11 |    60 |    70 |   267 ||   504
         Punch             |       |       |     1 |    22 |       |       |       |       |       ||    23
         Staff             |       |       |       |   241 |   153 |    41 |   283 |   335 |   334 ||  1387
         Eveningstar       |       |       |       |       |    61 |       |       |       |       ||    61
         Unarmed           |       |       |       |       |       |       |       |       |     4 ||     4
  Throw: Dart              |       |       |     2 |     3 |       |       |       |       |       ||     5
         Boomerang         |       |       |     1 |     6 |       |       |       |       |     4 ||    11
         Javelin           |       |       |       |     3 |       |       |       |       |       ||     3
   Cast: Magic Dart        |    76 |    30 |   184 |   231 |    67 |    18 |     2 |     3 |    12 ||   623
         Searing Ray       |     1 |    10 |    34 |    39 |     5 |     1 |     1 |       |     1 ||    92
         Iskenderun's Myst |       |       |    11 |    78 |   119 |   138 |   360 |   364 |   798 ||  1868
         Fireball          |       |       |       |   122 |   265 |   312 |   332 |   387 |   764 ||  2182
         Hailstorm         |       |       |       |    13 |    21 |     6 |    39 |    12 |    24 ||   115
         Lee's Rapid Decon |       |       |       |     2 |    18 |     6 |     9 |    20 |    32 ||    87
         Orb of Destructio |       |       |       |       |     2 |    17 |    45 |    22 |    12 ||    98
         Starburst         |       |       |       |       |       |       |       |     1 |     2 ||     3
         Lehudib's Crystal |       |       |       |       |       |       |       |       |  1001 ||  1001
         Fire Storm        |       |       |       |       |       |       |       |       |    56 ||    56
         Shatter           |       |       |       |       |       |       |       |       |    13 ||    13
         Spellforged Servi |       |       |       |       |       |       |       |       |     3 ||     3
  Evoke: Wand              |       |       |       |       |     4 |       |     3 |       |     8 ||    15
         Lightning rod     |       |       |       |       |       |       |     8 |       |     6 ||    14
         Horn of Geryon    |       |       |       |       |       |       |       |       |     3 ||     3
         Box of beasts     |       |       |       |       |       |       |       |       |     1 ||     1
         Phial of floods   |       |       |       |       |       |       |       |       |     1 ||     1
         Phantom mirror    |       |       |       |       |       |       |       |       |     1 ||     1
    Use: Scroll            |     8 |     1 |     5 |     8 |    13 |     2 |     2 |     5 |    26 ||    70
         Potion            |       |       |     3 |     2 |       |     1 |     6 |     4 |    27 ||    43
   Stab: Distracted        |       |     1 |       |       |       |       |       |     5 |    29 ||    35
         Sleeping          |       |       |       |       |     1 |       |     1 |    16 |    23 ||    41
         Invisible         |       |       |       |       |       |       |       |       |     3 ||     3
 Armour: Robe              |     6 |       |    20 |   137 |   122 |    62 |   147 |   107 |   386 ||   987
         Steam dragon scal |       |       |     3 |       |       |       |       |       |       ||     3
  Dodge: Dodged            |    14 |     8 |    88 |   308 |   315 |   113 |   256 |   292 |  1291 ||  2685
  Block: Other             |       |     5 |    32 |    98 |       |       |       |       |       ||   135
         Reflection        |       |       |     4 |    10 |    13 |     1 |       |    18 |    10 ||    56
         Orb               |       |       |       |     5 |    91 |    20 |    76 |    75 |    62 ||   329
         Buckler           |       |       |       |       |       |       |       |       |   519 ||   519

Levels and vault maps discovered:
D:1:      matt_arrival_refuge, layout_loops_ring,
          nicolae_concentric_dashed_squares_wild, minmay_door_square
D:2:      layout_basic, hellmonk_ecumenical_altar_run_dry
D:3:      layout_rooms, makhleb_altar_promises_db, portal_sewer_entry_b,
          nicolae_concentric_dashed_squares_mild
D:4:      layout_loops_ring
D:5:      layout_basic, nicolae_wu_jian_wuxing_cycle, temple_green,
          serial_aquarium, aquarium_bridge_square [aquarium_subvault_bridge,
          aquarium_subvault_wall, aquarium_subvault_bridge,
          aquarium_subvault_balcony], aquarium_window_corner, aquarium_window_2,
          aquarium_window_1, aquarium_window_fake, aquarium_view_2c,
          uniq_sigmund
D:6:      layout_rooms, corexii_item_surrounded_by_moat,
          nicolae_figureground_sparkle
D:7:      layout_rooms, lemuel_tele_altar, nicolae_tso_besieged_by_evil,
          enter_bailey_6, serial_shops, nicolae_shop_tiny_real_fake_doors,
          kennysheep_cluttered_room, nicolae_shop_i_like_small_books_too
D:8:      layout_basic, lemuel_doored_altar, chequers_ossuary_entry_cave,
          serial_ice, serial_ice_i, serial_ice_f, serial_ice_m, serial_ice_n,
          serial_ice_h, serial_ice_c, serial_ice_d, serial_ice_e, serial_ice_b,
          serial_ice_a, special_room [special_room_orc]
D:9:      wander_kiku_kobolds, layout_cave_pods, serial_shops, shop_statue,
          nicolae_benzene_ring, minmay_nine_imps
D:10:     layout_basic, erik_orc_3, gammafunk_ghost_nasty_kobolds,
          hangedman_decor_riveting, nicolae_inconvenience_store,
          minmay_misc_feat_tower, dreamdust_wishing_well,
          introduction_to_nature_1
D:11:     layout_basic, grunt_lair_entry_orc_guard_hut, kb_rosetta
D:12:     minmay_slanted_spiral_squares, layout_layer_cave,
          serial_co_window_serial, co_window_paths_a, co_window_paths_b,
          co_window_paths_a, co_window_paths_a, co_window_cross_1,
          co_window_corner_a, co_window_paths_a, co_window_paths_a,
          co_window_corner_a, co_window_corner_cb, co_window_broadway_b,
          co_window_corner_b, co_window_unsneaky_path_d, glass_columns_b,
          glass_columns_c, glass_columns_b, glass_columns_c,
          dreamdust_princess_corridor, hangedman_incinerator, uniq_urug
D:13:     layout_long_grid, uniq_sonja
D:14:     layout_basic, skrybe_vaults_entry_preservation, grunt_decor_arrowhead,
          grunt_ministairs_2, dk_noncrumbling_2, st_stairs_5, drop_trap,
          small_chamber_with_monster, uniq_josephine
D:15:     hangedman_depths_entry_civil_slaughter, layout_basic,
          gammafunk_ghost_cemetery, nicolae_ashenzari_skybound, uniq_nessos
Temple:   minmay_temple_bridge_d
Lair:1:   layout_cave_shapes, serial_bayou_shore_a, serial_bayou_shore_b,
          infiniplex_staircase_pool_2, lemuel_fruit_tree
Lair:2:   layout_gridlike, skrybe_swamp_entry_bodies, spider_nest_entry_a,
          roderic_carrion_pond
Lair:3:   layout_gridlike, minmay_holes
Lair:4:   layout_misc_corridors
Lair:5:   grunt_lair_end_beastmaster, layout_loops_ring, slime_entry_1
Swamp:1:  layout_falls_marsh, serial_swamp_ruin, evilmike_swamp_ruin_house_4,
          hangedman_swamp_ruin_hall
Swamp:2:  layout_basic_swamp, nicolae_swamp_well_well_well, swamp_pool1,
          hangedman_swamp_ravenous, infiniplex_staircase_pool, uniq_jorgrun
Swamp:3:  layout_basic_swamp, evilmike_swamp_ruin_house_5
Swamp:4:  byrel_swamp_growth_death_and_undeath, layout_basic_swamp,
          uniq_bai_suzhen, uniq_mlioglotl
Spider:1: layout_spider_delve, drop_trap
Spider:2: layout_spider_delve, hangedman_spider_tarantella_strand
Spider:3: layout_spider_delve, hellmonk_motheaten_closet
Spider:4: guppyfry_spider_rune
Slime:1:  layout_caves
Slime:2:  layout_caves, nicolae_slime_getting_an_eyeful
Slime:3:  layout_caves
Slime:4:  layout_caves
Slime:5
Orc:1:    layout_caves, uniq_snorg
Orc:2:    st_orc_rangers, layout_caves, serial_shops, shop, basic_altar,
          nicolae_orc_pool_cavern, abandoned_shop, nicolae_orc_damp_corner,
          okawaru_metal_pillars_3
Elf:1:    minmay_elf_arrival_circle, layout_geoelf_diagonals,
          minmay_elf_demonology, uniq_kirke
Elf:2:    nicolae_elf_blades_crystal_corner, layout_geoelf_octagon
Elf:3:    minmay_elf_hall_statues, layout_geoelf_diagonals, fountainhead
Vaults:1: v_rooms_1, v_misc_26, not_door_vault_due, nicolae_vaults_theta,
          vaults_room_stairs_pillars, nicolae_vaults_border_crossing,
          vaults_room_hallway, nicolae_vaults_closet_pinwheel_4,
          layout_vaults_omnigrid
Vaults:2: gammafunk_ghost_cemetery, v_rooms_5, v_alt_pattern_3,
          nicolae_vaults_quadrants, vaults_room_fours,
          nicolae_vaults_closet_pinwheel_3, nicolae_vaults_storage_closets_3,
          nicolae_vaults_little_squares_1, v_misc_16, hangedman_vaults_nails,
          nicolae_vaults_storage_closets_1, layout_vaults_chaotic_city,
          nicolae_trove_entry_crossroad, serial_shops, shop
Vaults:3: vaults_dpeg_encased_lava, nicolae_vaults_back_hallway,
          nicolae_vaults_triangles, dpeg_vaults_monster_row,
          nicolae_vaults_layer_cake_slice, gammafunk_sealed_library,
          minmay_crypt_entry_simple_box, v_pattern_4,
          nicolae_vaults_network_barrier, nicolae_vaults_closet_pinwheel_4,
          nicolae_vaults_hexular_roomagon, v_misc_25,
          nicolae_vaults_closet_pinwheel_1, layout_vaults_omnibox, uniq_margery
Vaults:4: infiniplex_enter_wizlab_glasses, nicolae_vaults_lightning_bolt,
          nicolae_vaults_closet_pinwheel_2, vaults_room_grid,
          nicolae_vaults_hallways_thing, grunt_vaults_funnel,
          hangedman_vaults_pinch, v_misc_2, st_spiral_rooms,
          layout_vaults_maze_bifur, serial_shops, statue_bzr
Vaults:5: serial_shops
Depths:1: layout_honeycomb, nicolae_abyss_entry_one_way_or_another, hell_entry,
          minmay_misc_feat_plants, lemuel_flame_loot_1
Depths:2: regret_index_uskayaw_diablada_macabre, layout_gridlike,
          nicolae_vehumet_altar_sigil, pf_dread_powers_of_hell,
          rand_demon_pan_entry_7, serial_shops, shop
Depths:3: minmay_tearing_corner, layout_long_grid, enter_ziggurat_d,
          special_room [special_room_jelly], grunt_hell_horde,
          good_gods_temple_1, abyss_entry, serial_shops, shop,
          fedhas_altar_fruit_tree
Depths:4: evilmike_zot_entry_round, layout_honeycomb, hell_entry
Hell
Zot:1:    layout_basic
Zot:2:    gammafunk_sealed_arena, layout_onion, lemuel_lich_library, uniq_vv
Zot:3:    layout_gridlike, hellmonk_ghost_happy_afterlife
Zot:4:    layout_cellular_growth, uniq_josephina
Zot:5:    layout_basic

Notes
Turn   | Place    | Note
-------+----------+-------------------------------------------
     0 | D:1      | Galthrax the Gnoll Conjurer began the quest for the Orb.
     0 | D:1      | Reached XP level 1. HP: 13/13 MP: 6/6
     0 | D:1      | magus.rc [v1.11.6]
   223 | D:1      | Reached XP level 2. HP: 15/20 MP: 2/7
   752 | D:1      | Reached skill level 5 in Spellcasting
   752 | D:1      | Reached XP level 3. HP: 25/25 MP: 6/9
   881 | D:1      | You fall into a shaft and drop 1 floor!
  1053 | D:2      | Found a faded altar of an unknown god.
  1164 | D:1      | Reached skill level 1 in Invocations
  1612 | D:2      | Learned a level 2 spell: Searing Ray
  1683 | D:2      | Reached skill level 1 in Fighting
  1683 | D:2      | Reached skill level 1 in Short Blades
  1683 | D:2      | Reached skill level 1 in Long Blades
  1683 | D:2      | Reached skill level 1 in Axes
  1683 | D:2      | Reached skill level 1 in Maces & Flails
  1683 | D:2      | Reached skill level 1 in Polearms
  1683 | D:2      | Reached skill level 1 in Staves
  1683 | D:2      | Reached skill level 1 in Ranged Weapons
  1683 | D:2      | Reached skill level 1 in Throwing
  1683 | D:2      | Reached skill level 1 in Armour
  1683 | D:2      | Reached skill level 1 in Shields
  1683 | D:2      | Reached skill level 1 in Unarmed Combat
  1683 | D:2      | Reached skill level 1 in Evocations
  1990 | D:2      | Identified the +3 short sword of Indomitability {holy, rC++
                  | rN+ Int+2}
  2007 | D:2      | Reached XP level 4. HP: 29/32 MP: 1/11
  2263 | D:3      | Found a burning altar of Makhleb.
  2263 | D:3      | Noticed a cacodemon
  2296 | D:3      | Found a glowing drain.
  2313 | D:3      | Reached skill level 1 in Hexes
  2313 | D:3      | Reached skill level 1 in Summonings
  2313 | D:3      | Reached skill level 1 in Necromancy
  2313 | D:3      | Reached skill level 1 in Translocations
  2313 | D:3      | Reached skill level 1 in Transmutations
  2313 | D:3      | Reached skill level 1 in Fire Magic
  2313 | D:3      | Reached skill level 1 in Ice Magic
  2313 | D:3      | Reached skill level 1 in Air Magic
  2313 | D:3      | Reached skill level 1 in Earth Magic
  2313 | D:3      | Reached skill level 1 in Poison Magic
  2324 | Sewer    | Entered a sewer
  2460 | Sewer    | Noticed a kobold brigand
  2477 | Sewer    | Killed a kobold brigand
  2478 | Sewer    | Reached XP level 5. HP: 13/37 MP: 4/12
  2681 | Sewer    | Noticed a kobold brigand
  2693 | Sewer    | Killed a kobold brigand
  2694 | Sewer    | Reached skill level 2 in Invocations
  2790 | Sewer    | Noticed a kobold brigand
  2807 | Sewer    | Killed a kobold brigand
  2808 | Sewer    | Reached skill level 2 in Fighting
  2808 | Sewer    | Reached skill level 2 in Short Blades
  2808 | Sewer    | Reached skill level 2 in Long Blades
  2808 | Sewer    | Reached skill level 2 in Axes
  2808 | Sewer    | Reached skill level 2 in Maces & Flails
  2808 | Sewer    | Reached skill level 2 in Polearms
  2808 | Sewer    | Reached skill level 2 in Staves
  2808 | Sewer    | Reached skill level 2 in Ranged Weapons
  2808 | Sewer    | Reached skill level 2 in Throwing
  2808 | Sewer    | Reached skill level 2 in Armour
  2808 | Sewer    | Reached skill level 5 in Dodging
  2808 | Sewer    | Reached skill level 2 in Shields
  2808 | Sewer    | Reached skill level 2 in Unarmed Combat
  2808 | Sewer    | Reached skill level 2 in Evocations
  2808 | Sewer    | Reached XP level 6. HP: 37/44 MP: 5/14
  3178 | Sewer    | Reached XP level 7. HP: 35/50 MP: 13/15
  3187 | Sewer    | Reached skill level 2 in Hexes
  3187 | Sewer    | Reached skill level 2 in Summonings
  3187 | Sewer    | Reached skill level 2 in Necromancy
  3187 | Sewer    | Reached skill level 2 in Translocations
  3187 | Sewer    | Reached skill level 2 in Transmutations
  3187 | Sewer    | Reached skill level 2 in Fire Magic
  3187 | Sewer    | Reached skill level 2 in Ice Magic
  3187 | Sewer    | Reached skill level 2 in Air Magic
  3187 | Sewer    | Reached skill level 2 in Earth Magic
  3187 | Sewer    | Reached skill level 2 in Poison Magic
  3426 | Sewer    | Reached skill level 5 in Stealth
  3451 | Sewer    | Reached skill level 3 in Invocations
  4457 | D:4      | Learned a level 4 spell: Iskenderun's Mystic Blast
  4479 | D:4      | Reached skill level 3 in Fighting
  4479 | D:4      | Reached skill level 3 in Short Blades
  4479 | D:4      | Reached skill level 3 in Long Blades
  4479 | D:4      | Reached skill level 3 in Axes
  4479 | D:4      | Reached skill level 3 in Maces & Flails
  4479 | D:4      | Reached skill level 3 in Polearms
  4479 | D:4      | Reached skill level 3 in Staves
  4479 | D:4      | Reached skill level 3 in Ranged Weapons
  4479 | D:4      | Reached skill level 3 in Throwing
  4479 | D:4      | Reached skill level 3 in Armour
  4479 | D:4      | Reached skill level 3 in Shields
  4479 | D:4      | Reached skill level 3 in Unarmed Combat
  4479 | D:4      | Reached skill level 3 in Evocations
  4576 | D:4      | Reached XP level 8. HP: 58/58 MP: 13/16
  4893 | D:4      | Reached skill level 6 in Spellcasting
  5328 | D:5      | Entered Level 5 of the Dungeon
  5558 | D:5      | Noticed Sigmund
  5565 | D:5      | Killed Sigmund
  5566 | D:5      | Reached skill level 3 in Hexes
  5566 | D:5      | Reached skill level 3 in Summonings
  5566 | D:5      | Reached skill level 3 in Necromancy
  5566 | D:5      | Reached skill level 3 in Translocations
  5566 | D:5      | Reached skill level 3 in Transmutations
  5566 | D:5      | Reached skill level 3 in Fire Magic
  5566 | D:5      | Reached skill level 3 in Ice Magic
  5566 | D:5      | Reached skill level 3 in Air Magic
  5566 | D:5      | Reached skill level 3 in Earth Magic
  5566 | D:5      | Reached skill level 3 in Poison Magic
  5566 | D:5      | Reached skill level 4 in Invocations
  5566 | D:5      | Found an ornate altar of the Wu Jian Council.
  5640 | D:5      | Reached skill level 6 in Dodging
  5979 | D:5      | Found a staircase to the Ecumenical Temple.
  5992 | D:5      | Reached XP level 9. HP: 60/65 MP: 6/18
  5997 | Temple   | Entered the Ecumenical Temple
  6365 | Temple   | Became a worshipper of Vehumet
  6497 | D:5      | Reached skill level 4 in Fighting
  6497 | D:5      | Reached skill level 4 in Short Blades
  6497 | D:5      | Reached skill level 4 in Long Blades
  6497 | D:5      | Reached skill level 4 in Axes
  6497 | D:5      | Reached skill level 4 in Maces & Flails
  6497 | D:5      | Reached skill level 4 in Polearms
  6497 | D:5      | Reached skill level 4 in Staves
  6497 | D:5      | Reached skill level 4 in Ranged Weapons
  6497 | D:5      | Reached skill level 4 in Throwing
  6497 | D:5      | Reached skill level 4 in Armour
  6497 | D:5      | Reached skill level 4 in Shields
  6497 | D:5      | Reached skill level 4 in Unarmed Combat
  6497 | D:5      | Reached skill level 4 in Evocations
  6972 | D:6      | Reached skill level 6 in Stealth
  6972 | D:6      | Reached skill level 8 in Conjurations
  7228 | D:6      | You add the spells Hailstorm, Ice Form and Simulacrum to
                  | your library.
  7233 | D:6      | Learned a level 3 spell: Hailstorm
  7312 | D:6      | Reached skill level 5 in Invocations
  7436 | D:6      | Reached skill level 7 in Spellcasting
  7438 | D:6      | Reached skill level 4 in Hexes
  7438 | D:6      | Reached skill level 4 in Summonings
  7438 | D:6      | Reached skill level 4 in Necromancy
  7438 | D:6      | Reached skill level 4 in Translocations
  7438 | D:6      | Reached skill level 4 in Transmutations
  7438 | D:6      | Reached skill level 4 in Fire Magic
  7438 | D:6      | Reached skill level 4 in Ice Magic
  7438 | D:6      | Reached skill level 4 in Air Magic
  7438 | D:6      | Reached skill level 4 in Earth Magic
  7438 | D:6      | Reached skill level 4 in Poison Magic
  8020 | D:6      | Reached skill level 5 in Fighting
  8020 | D:6      | Reached skill level 5 in Short Blades
  8020 | D:6      | Reached skill level 5 in Long Blades
  8020 | D:6      | Reached skill level 5 in Axes
  8020 | D:6      | Reached skill level 5 in Maces & Flails
  8020 | D:6      | Reached skill level 5 in Polearms
  8020 | D:6      | Reached skill level 5 in Staves
  8020 | D:6      | Reached skill level 5 in Ranged Weapons
  8020 | D:6      | Reached skill level 5 in Throwing
  8020 | D:6      | Reached skill level 5 in Armour
  8020 | D:6      | Reached skill level 5 in Shields
  8020 | D:6      | Reached skill level 5 in Unarmed Combat
  8020 | D:6      | Reached skill level 5 in Evocations
  8020 | D:6      | Reached XP level 10. HP: 34/74 MP: 13/20
  8027 | D:6      | HP: 18/74 [poisoned by a water moccasin]
  8458 | D:7      | You add the spells Inner Flame, Yara's Violent Unravelling
                  | and Enfeeble to your library.
  8472 | D:7      | Found Itei's Tiny Tomes.
  8481 | D:7      | Found a flagged portal.
  8491 | Bailey   | Entered a bailey
  8606 | Bailey   | Reached * piety under Vehumet
  8606 | Bailey   | Offered knowledge of Foxfire by Vehumet.
  8607 | Bailey   | Reached skill level 7 in Dodging
  9583 | D:7      | Found a basalt altar of Yredelemnul.
  9645 | D:7      | Found Xerowk's Antique Armour Shoppe.
  9691 | D:7      | Bought the Compilation of the Marlin for 144 gold pieces
  9691 | D:7      | You add the spell Fireball to your library.
  9697 | D:7      | Learned a level 5 spell: Fireball
  9711 | D:7      | Reached skill level 6 in Invocations
  9857 | D:7      | Reached ** piety under Vehumet
  9857 | D:7      | Offered knowledge of Scorch by Vehumet.
  9872 | D:7      | Found a glowing golden altar of the Shining One.
 10168 | D:7      | Reached skill level 7 in Stealth
 10180 | D:7      | Identified the staff of poison "Lyniameg" {rPois Dex+4}
 10396 | D:8      | Found a sand-covered staircase.
 10404 | Ossuary  | Entered an ossuary
 10658 | Ossuary  | Offered knowledge of Mephitic Cloud by Vehumet.
 10923 | D:8      | Reached *** piety under Vehumet
 10989 | D:8      | Offered knowledge of Frozen Ramparts by Vehumet.
 10993 | D:8      | HP: 16/76 [gnoll bouda/+0 club (8)]
 11447 | D:8      | Reached **** piety under Vehumet
 11462 | D:8      | HP: 15/76 [orc warrior/+0 short sword (11)]
 11514 | D:8      | HP: 13/76 [orc warrior/+0 short sword (11)]
 11956 | D:8      | Reached skill level 6 in Fighting
 11956 | D:8      | Reached skill level 6 in Short Blades
 11956 | D:8      | Reached skill level 6 in Long Blades
 11956 | D:8      | Reached skill level 6 in Axes
 11956 | D:8      | Reached skill level 6 in Maces & Flails
 11956 | D:8      | Reached skill level 6 in Polearms
 11956 | D:8      | Reached skill level 6 in Staves
 11956 | D:8      | Reached skill level 6 in Ranged Weapons
 11956 | D:8      | Reached skill level 6 in Throwing
 11956 | D:8      | Reached skill level 6 in Armour
 11956 | D:8      | Reached skill level 6 in Shields
 11956 | D:8      | Reached skill level 6 in Unarmed Combat
 11956 | D:8      | Reached skill level 6 in Evocations
 12074 | D:8      | Reached skill level 5 in Hexes
 12074 | D:8      | Reached skill level 5 in Summonings
 12074 | D:8      | Reached skill level 5 in Necromancy
 12074 | D:8      | Reached skill level 5 in Translocations
 12074 | D:8      | Reached skill level 5 in Transmutations
 12074 | D:8      | Reached skill level 5 in Fire Magic
 12074 | D:8      | Reached skill level 5 in Ice Magic
 12074 | D:8      | Reached skill level 5 in Air Magic
 12074 | D:8      | Reached skill level 5 in Earth Magic
 12074 | D:8      | Reached skill level 5 in Poison Magic
 12116 | D:8      | Reached XP level 11. HP: 81/81 MP: 14/22
 12210 | D:8      | Found a white marble altar of Elyvilon.
 12280 | D:8      | Offered knowledge of Freezing Cloud by Vehumet.
 12286 | D:8      | Reached skill level 8 in Spellcasting
 12703 | D:8      | magus.rc [v1.11.6]
 13593 | D:9      | Found Xueloes's Antique Armour Boutique.
 13603 | D:9      | Bought a pair of transparent gloves for 256 gold pieces
 13603 | D:9      | Identified the +5 pair of gloves of Ugauzuho {rF+ Regen+
                  | Stlth+} (You bought it in a shop on level 9 of the Dungeon)
 13685 | D:9      | Identified the +0 robe of the Pit {rPois}
 13690 | D:9      | Noticed a deep elf pyromancer
 13694 | D:9      | Killed a deep elf pyromancer
 13823 | D:9      | Reached skill level 9 in Conjurations
 13823 | D:9      | Reached skill level 7 in Invocations
 14086 | D:9      | Reached ***** piety under Vehumet
 14086 | D:9      | Offered knowledge of Plasma Beam by Vehumet.
 14225 | D:9      | Reached skill level 8 in Dodging
 14314 | D:9      | Found an ancient bone altar of Kikubaaqudgha.
 14638 | D:9      | You add the spells Summon Small Mammal, Call Canine
                  | Familiar and Summon Guardian Golem to your library.
 14818 | D:10     | Entered Level 10 of the Dungeon
 14975 | D:10     | Found a staircase to the Orcish Mines.
 15080 | D:10     | Found a runed translucent gate.
 15080 | D:10     | Found a runed translucent gate.
 15083 | D:10     | Found a runed translucent gate.
 15085 | D:10     | Noticed Termiter's ghost (journeyman DsNe)
 15540 | D:10     | You add the spells Beastly Appendage, Wereblood and Spider
                  | Form to your library.
 15701 | D:10     | Found Sukool's Armour Shoppe.
 16057 | D:11     | Noticed a tengu warrior
 16061 | D:11     | Killed a tengu warrior
 16062 | D:11     | Reached skill level 8 in Stealth
 16083 | D:11     | Noticed a boulder beetle
 16754 | D:11     | Killed a boulder beetle
 16755 | D:11     | Reached skill level 7 in Fighting
 16755 | D:11     | Reached skill level 7 in Short Blades
 16755 | D:11     | Reached skill level 7 in Long Blades
 16755 | D:11     | Reached skill level 7 in Axes
 16755 | D:11     | Reached skill level 7 in Maces & Flails
 16755 | D:11     | Reached skill level 7 in Polearms
 16755 | D:11     | Reached skill level 7 in Staves
 16755 | D:11     | Reached skill level 7 in Ranged Weapons
 16755 | D:11     | Reached skill level 7 in Throwing
 16755 | D:11     | Reached skill level 7 in Armour
 16755 | D:11     | Reached skill level 7 in Shields
 16755 | D:11     | Reached skill level 7 in Unarmed Combat
 16755 | D:11     | Reached skill level 7 in Evocations
 16801 | D:11     | Noticed a two-headed ogre
 16804 | D:11     | Killed a two-headed ogre
 16974 | D:11     | Reached XP level 12. HP: 91/91 MP: 4/24
 17094 | D:11     | Found a staircase to the Lair.
 17226 | D:11     | Reached skill level 6 in Hexes
 17226 | D:11     | Reached skill level 6 in Summonings
 17226 | D:11     | Reached skill level 6 in Necromancy
 17226 | D:11     | Reached skill level 6 in Translocations
 17226 | D:11     | Reached skill level 6 in Transmutations
 17226 | D:11     | Reached skill level 6 in Fire Magic
 17226 | D:11     | Reached skill level 6 in Ice Magic
 17226 | D:11     | Reached skill level 6 in Air Magic
 17226 | D:11     | Reached skill level 6 in Earth Magic
 17226 | D:11     | Reached skill level 6 in Poison Magic
 17448 | D:11     | Reached skill level 8 in Invocations
 17453 | D:11     | Reached skill level 9 in Spellcasting
 17749 | D:11     | Noticed a five-headed hydra
 17755 | D:11     | Killed a five-headed hydra
 18744 | D:12     | Noticed a two-headed ogre
 18747 | D:12     | Killed a two-headed ogre
 18747 | D:12     | Offered knowledge of Lee's Rapid Deconstruction by Vehumet.
 18748 | D:12     | Reached skill level 9 in Dodging
 18754 | D:12     | You add the spell Lee's Rapid Deconstruction to your
                  | library.
 18754 | D:12     | Learned a level 5 spell: Lee's Rapid Deconstruction
 19100 | D:12     | Noticed a two-headed ogre
 19120 | D:12     | Killed a two-headed ogre
 19211 | D:12     | Noticed a two-headed ogre
 19214 | D:12     | Killed a two-headed ogre
 19215 | D:12     | Reached skill level 9 in Stealth
 19497 | D:12     | Noticed a boulder beetle
 19497 | D:12     | Noticed a two-headed ogre
 19501 | D:12     | Reached skill level 8 in Fighting
 19501 | D:12     | Reached skill level 8 in Short Blades
 19501 | D:12     | Reached skill level 8 in Long Blades
 19501 | D:12     | Reached skill level 8 in Axes
 19501 | D:12     | Reached skill level 8 in Maces & Flails
 19501 | D:12     | Reached skill level 8 in Polearms
 19501 | D:12     | Reached skill level 8 in Staves
 19501 | D:12     | Reached skill level 8 in Ranged Weapons
 19501 | D:12     | Reached skill level 8 in Throwing
 19501 | D:12     | Reached skill level 8 in Armour
 19501 | D:12     | Reached skill level 8 in Shields
 19501 | D:12     | Reached skill level 8 in Unarmed Combat
 19501 | D:12     | Reached skill level 8 in Evocations
 19501 | D:12     | Killed a boulder beetle
 19503 | D:12     | Killed a two-headed ogre
 19503 | D:12     | Noticed a two-headed ogre
 19518 | D:12     | Killed a two-headed ogre
 19519 | D:12     | Reached XP level 13. HP: 87/98 MP: 0/26
 19534 | D:12     | Reached skill level 9 in Invocations
 19575 | D:12     | Reached skill level 10 in Conjurations
 19646 | D:12     | Noticed Urug
 19650 | D:12     | Killed Urug
 20126 | D:12     | Found the +7 sceptre of Torment {pain, torment}
 20389 | D:13     | Identified a scroll of acquirement
 20389 | D:13     | Acquired 728 gold pieces
 20473 | D:13     | Reached skill level 7 in Hexes
 20473 | D:13     | Reached skill level 7 in Summonings
 20473 | D:13     | Reached skill level 7 in Necromancy
 20473 | D:13     | Reached skill level 7 in Translocations
 20473 | D:13     | Reached skill level 7 in Transmutations
 20473 | D:13     | Reached skill level 7 in Fire Magic
 20473 | D:13     | Reached skill level 7 in Ice Magic
 20473 | D:13     | Reached skill level 7 in Air Magic
 20473 | D:13     | Reached skill level 7 in Earth Magic
 20473 | D:13     | Reached skill level 7 in Poison Magic
 20843 | D:13     | Reached skill level 10 in Spellcasting
 21054 | D:13     | Noticed Sonja
 21055 | D:13     | Killed Sonja
 21269 | D:13     | Identified the +4 short sword of the Postmodern Yaks
                  | {venom, Int+3 Dex-2 SInv}
 21399 | D:13     | Reached skill level 10 in Dodging
 21400 | D:13     | Offered knowledge of Orb of Destruction by Vehumet.
 21519 | D:13     | You add the spell Orb of Destruction to your library.
 21519 | D:13     | Learned a level 7 spell: Orb of Destruction
 21592 | D:14     | You add the spells Necrotise and Apportation to your
                  | library.
 21616 | D:14     | Reached skill level 9 in Fighting
 21616 | D:14     | Reached skill level 9 in Short Blades
 21616 | D:14     | Reached skill level 9 in Long Blades
 21616 | D:14     | Reached skill level 9 in Axes
 21616 | D:14     | Reached skill level 9 in Maces & Flails
 21616 | D:14     | Reached skill level 9 in Polearms
 21616 | D:14     | Reached skill level 9 in Staves
 21616 | D:14     | Reached skill level 9 in Ranged Weapons
 21616 | D:14     | Reached skill level 9 in Throwing
 21616 | D:14     | Reached skill level 9 in Armour
 21616 | D:14     | Reached skill level 9 in Shields
 21616 | D:14     | Reached skill level 9 in Unarmed Combat
 21616 | D:14     | Reached skill level 9 in Evocations
 21616 | D:14     | Noticed Josephine
 21620 | D:14     | Reached skill level 10 in Stealth
 21772 | D:14     | Identified the ring "Paecita" {rC- rN+ Dex+6}
 21911 | D:14     | Found a gate to the Vaults.
 21911 | D:14     | Noticed an ironbound preserver
 21914 | D:14     | Reached skill level 10 in Invocations
 21914 | D:14     | Reached XP level 14. HP: 108/108 MP: 25/28
 21916 | D:14     | Killed an ironbound preserver
 21941 | D:14     | Killed Josephine
 23276 | D:15     | Entered Level 15 of the Dungeon
 23284 | D:15     | Noticed Nessos
 23414 | D:15     | Killed Nessos
 23419 | D:15     | Reached skill level 8 in Hexes
 23419 | D:15     | Reached skill level 8 in Summonings
 23419 | D:15     | Reached skill level 8 in Necromancy
 23419 | D:15     | Reached skill level 8 in Translocations
 23419 | D:15     | Reached skill level 8 in Transmutations
 23419 | D:15     | Reached skill level 8 in Fire Magic
 23419 | D:15     | Reached skill level 8 in Ice Magic
 23419 | D:15     | Reached skill level 8 in Air Magic
 23419 | D:15     | Reached skill level 8 in Earth Magic
 23419 | D:15     | Reached skill level 8 in Poison Magic
 23633 | D:15     | Found a staircase to the Depths.
 23657 | D:15     | Found a broken altar of Ashenzari.
 23779 | D:15     | Offered knowledge of Starburst by Vehumet.
 23787 | D:15     | You add the spell Starburst to your library.
 23787 | D:15     | Learned a level 6 spell: Starburst
 23973 | D:15     | Reached skill level 11 in Spellcasting
 24096 | D:15     | Found a runed translucent gate.
 24096 | D:15     | Found a runed translucent gate.
 24096 | D:15     | Found a runed translucent gate.
 24096 | D:15     | Noticed Boahovan's ghost (journeyman DsGl)
 24096 | D:15     | Noticed Rac Baapt's ghost (journeyman DsBe)
 24097 | D:15     | Noticed Xiestris's ghost (journeyman DsGl)
 24098 | D:15     | Noticed Lyniq's ghost (journeyman DrTm)
 24770 | Orc:1    | Entered Level 1 of the Orcish Mines
 25075 | Orc:2    | Entered Level 2 of the Orcish Mines
 25081 | Orc:2    | Found an iron altar of Okawaru.
 25712 | Orc:2    | Reached skill level 11 in Dodging
 25712 | Orc:2    | Reached skill level 11 in Conjurations
 25715 | Orc:2    | Reached skill level 10 in Fighting
 25715 | Orc:2    | Reached skill level 10 in Short Blades
 25715 | Orc:2    | Reached skill level 10 in Long Blades
 25715 | Orc:2    | Reached skill level 10 in Axes
 25715 | Orc:2    | Reached skill level 10 in Maces & Flails
 25715 | Orc:2    | Reached skill level 10 in Polearms
 25715 | Orc:2    | Reached skill level 10 in Staves
 25715 | Orc:2    | Reached skill level 10 in Ranged Weapons
 25715 | Orc:2    | Reached skill level 10 in Throwing
 25715 | Orc:2    | Reached skill level 10 in Armour
 25715 | Orc:2    | Reached skill level 10 in Shields
 25715 | Orc:2    | Reached skill level 10 in Unarmed Combat
 25715 | Orc:2    | Reached skill level 10 in Evocations
 26017 | Orc:2    | Found Koumarug's Weapon Emporium.
 26028 | Orc:2    | Found Zoizusyxzi's Jewellery Shoppe.
 26028 | Orc:2    | Found Moci's Antique Armour Boutique.
 26028 | Orc:2    | Found Qipuoru's Magic Scroll Shop.
 26039 | Orc:2    | Bought a scroll of identify for 30 gold pieces
 26039 | Orc:2    | Bought a scroll of identify for 30 gold pieces
 26039 | Orc:2    | Bought a scroll of identify for 30 gold pieces
 26369 | Orc:2    | Found Pexkuf's Antique Armour Shoppe.
 26587 | Orc:2    | Found a staircase to the Elven Halls.
 26806 | Orc:1    | Noticed Snorg
 26809 | Orc:1    | Reached XP level 15. HP: 115/115 MP: 20/30
 26817 | Orc:1    | Killed Snorg
 26818 | Orc:1    | Reached skill level 11 in Invocations
 27148 | Lair:1   | Entered Level 1 of the Lair of Beasts
 27166 | Lair:1   | Reached ****** piety under Vehumet
 27167 | Lair:1   | Reached skill level 11 in Stealth
 27638 | Lair:1   | Offered knowledge of Ozocubu's Refrigeration by Vehumet.
 28787 | Lair:2   | Found a staircase to the Swamp.
 29082 | Lair:2   | Found a hole to the Spider Nest.
 29240 | Lair:2   | Acquired 1061 gold pieces
 29275 | Lair:2   | You add the spells Agony and Silence to your library.
 30748 | Lair:4   | magus.rc [v1.11.6]
 31349 | Lair:5   | Entered Level 5 of the Lair of Beasts
 31433 | Lair:5   | Reached skill level 9 in Hexes
 31433 | Lair:5   | Reached skill level 9 in Summonings
 31433 | Lair:5   | Reached skill level 9 in Necromancy
 31433 | Lair:5   | Reached skill level 9 in Translocations
 31433 | Lair:5   | Reached skill level 9 in Transmutations
 31433 | Lair:5   | Reached skill level 9 in Fire Magic
 31433 | Lair:5   | Reached skill level 9 in Ice Magic
 31433 | Lair:5   | Reached skill level 9 in Air Magic
 31433 | Lair:5   | Reached skill level 9 in Earth Magic
 31433 | Lair:5   | Reached skill level 9 in Poison Magic
 31509 | Lair:5   | Found a staircase to the Slime Pits.
 31510 | Lair:5   | Found a viscous altar of Jiyva.
 31930 | Lair:5   | Offered knowledge of Conjure Ball Lightning by Vehumet.
 32310 | Lair:5   | Reached skill level 12 in Spellcasting
 32310 | Lair:5   | Reached XP level 16. HP: 124/124 MP: 15/32
 32590 | Lair:5   | You add the spells Freeze and Frozen Ramparts to your
                  | library.
 32776 | Swamp:1  | Entered Level 1 of the Swamp
 32818 | Swamp:1  | Reached skill level 11 in Fighting
 32818 | Swamp:1  | Reached skill level 11 in Short Blades
 32818 | Swamp:1  | Reached skill level 11 in Long Blades
 32818 | Swamp:1  | Reached skill level 11 in Axes
 32818 | Swamp:1  | Reached skill level 11 in Maces & Flails
 32818 | Swamp:1  | Reached skill level 11 in Polearms
 32818 | Swamp:1  | Reached skill level 11 in Staves
 32818 | Swamp:1  | Reached skill level 11 in Ranged Weapons
 32818 | Swamp:1  | Reached skill level 11 in Throwing
 32818 | Swamp:1  | Reached skill level 11 in Armour
 32818 | Swamp:1  | Reached skill level 11 in Shields
 32818 | Swamp:1  | Reached skill level 11 in Unarmed Combat
 32818 | Swamp:1  | Reached skill level 11 in Evocations
 32866 | Swamp:1  | Identified a potion of experience
 32867 | Swamp:1  | Reached skill level 12 in Dodging
 32867 | Swamp:1  | Reached skill level 12 in Invocations
 32867 | Swamp:1  | Reached XP level 17. HP: 131/131 MP: 33/33
 33001 | Swamp:1  | Reached skill level 12 in Stealth
 34028 | Swamp:2  | Noticed Jorgrun
 34036 | Swamp:2  | Killed Jorgrun
 34326 | Swamp:2  | Reached skill level 12 in Conjurations
 34578 | Swamp:2  | Noticed a tentacled monstrosity
 34594 | Swamp:2  | Killed a tentacled monstrosity
 34813 | Swamp:2  | Offered knowledge of Ignition by Vehumet.
 35424 | Swamp:3  | Reached skill level 10 in Hexes
 35424 | Swamp:3  | Reached skill level 10 in Summonings
 35424 | Swamp:3  | Reached skill level 10 in Necromancy
 35424 | Swamp:3  | Reached skill level 10 in Translocations
 35424 | Swamp:3  | Reached skill level 10 in Transmutations
 35424 | Swamp:3  | Reached skill level 10 in Fire Magic
 35424 | Swamp:3  | Reached skill level 10 in Ice Magic
 35424 | Swamp:3  | Reached skill level 10 in Air Magic
 35424 | Swamp:3  | Reached skill level 10 in Earth Magic
 35424 | Swamp:3  | Reached skill level 10 in Poison Magic
 35508 | Swamp:3  | Identified the +0 ring mail of Beyond {rElec Str+3 Int+4}
 35584 | Swamp:3  | Noticed a tentacled monstrosity
 35596 | Swamp:3  | Killed a tentacled monstrosity
 36155 | Swamp:4  | Entered Level 4 of the Swamp
 36176 | Swamp:3  | Reached skill level 13 in Invocations
 36203 | Swamp:3  | Reached skill level 12 in Fighting
 36203 | Swamp:3  | Reached skill level 12 in Short Blades
 36203 | Swamp:3  | Reached skill level 12 in Long Blades
 36203 | Swamp:3  | Reached skill level 12 in Axes
 36203 | Swamp:3  | Reached skill level 12 in Maces & Flails
 36203 | Swamp:3  | Reached skill level 12 in Polearms
 36203 | Swamp:3  | Reached skill level 12 in Staves
 36203 | Swamp:3  | Reached skill level 12 in Ranged Weapons
 36203 | Swamp:3  | Reached skill level 12 in Throwing
 36203 | Swamp:3  | Reached skill level 12 in Armour
 36203 | Swamp:3  | Reached skill level 12 in Shields
 36203 | Swamp:3  | Reached skill level 12 in Unarmed Combat
 36203 | Swamp:3  | Reached skill level 12 in Evocations
 36315 | Swamp:3  | Reached XP level 18. HP: 105/140 MP: 27/34
 36317 | Swamp:3  | Reached skill level 13 in Spellcasting
 36396 | Swamp:4  | Noticed Bai Suzhen
 36413 | Swamp:4  | Killed Bai Suzhen
 36680 | Swamp:4  | Reached skill level 13 in Dodging
 37416 | Swamp:4  | Reached skill level 13 in Stealth
 37555 | Swamp:4  | Noticed Mlioglotl
 37563 | Swamp:4  | Killed Mlioglotl
 37955 | Swamp:4  | Found a blossoming altar of Fedhas.
 38089 | Swamp:4  | Found a basalt altar of Yredelemnul.
 38104 | Swamp:4  | Got a decaying rune of Zot
 38453 | Spider:1 | Entered Level 1 of the Spider Nest
 38576 | Orc:2    | Bought the ring "Tairucwe" {rPois rF+ Int-2 Dex+3 SInv} for
                  | 680 gold pieces
 38978 | Spider:1 | Offered knowledge of Lehudib's Crystal Spear by Vehumet.
 38978 | Spider:1 | Offered knowledge of Fire Storm by Vehumet.
 38978 | Spider:1 | Offered knowledge of Chain Lightning by Vehumet.
 39145 | Spider:1 | Identified the +5 quarterstaff of the Abyss {holy, rN+}
 39289 | Spider:1 | You add the spell Lehudib's Crystal Spear to your library.
 39289 | Spider:1 | Learned a level 8 spell: Lehudib's Crystal Spear
 39830 | Spider:2 | You add the spells Animate Armour, Blade Hands and Iron
                  | Shot to your library.
 40599 | Spider:3 | Reached XP level 19. HP: 148/148 MP: 27/36
 41044 | Spider:3 | Reached skill level 14 in Invocations
 41520 | Spider:3 | Reached skill level 11 in Hexes
 41520 | Spider:3 | Reached skill level 11 in Summonings
 41520 | Spider:3 | Reached skill level 11 in Necromancy
 41520 | Spider:3 | Reached skill level 11 in Translocations
 41520 | Spider:3 | Reached skill level 11 in Transmutations
 41520 | Spider:3 | Reached skill level 11 in Fire Magic
 41520 | Spider:3 | Reached skill level 11 in Ice Magic
 41520 | Spider:3 | Reached skill level 11 in Air Magic
 41520 | Spider:3 | Reached skill level 11 in Earth Magic
 41520 | Spider:3 | Reached skill level 11 in Poison Magic
 41588 | Spider:3 | Identified the +2 hat "Tuerry" {Rampage Fly rPois}
 41942 | Spider:4 | Entered Level 4 of the Spider Nest
 41944 | Spider:4 | Reached skill level 13 in Conjurations
 41971 | Spider:4 | Reached skill level 13 in Fighting
 41971 | Spider:4 | Reached skill level 13 in Short Blades
 41971 | Spider:4 | Reached skill level 13 in Long Blades
 41971 | Spider:4 | Reached skill level 13 in Axes
 41971 | Spider:4 | Reached skill level 13 in Maces & Flails
 41971 | Spider:4 | Reached skill level 13 in Polearms
 41971 | Spider:4 | Reached skill level 13 in Staves
 41971 | Spider:4 | Reached skill level 13 in Ranged Weapons
 41971 | Spider:4 | Reached skill level 13 in Throwing
 41971 | Spider:4 | Reached skill level 13 in Armour
 41971 | Spider:4 | Reached skill level 13 in Shields
 41971 | Spider:4 | Reached skill level 13 in Unarmed Combat
 41971 | Spider:4 | Reached skill level 13 in Evocations
 42821 | Spider:4 | Reached skill level 14 in Spellcasting
 43855 | Spider:4 | Reached skill level 14 in Dodging
 44160 | Spider:4 | Identified the +0 ring mail of Negation {rC+ MP+9}
 44642 | Spider:4 | Got a gossamer rune of Zot
 44982 | Depths:1 | Entered Level 1 of the Depths
 44988 | Depths:1 | Reached skill level 14 in Stealth
 46270 | Depths:1 | Reached XP level 20. HP: 133/157 MP: 26/38
 46488 | Depths:1 | Noticed Louise
 46495 | Depths:1 | Killed Louise
 46555 | Depths:1 | Found a one-way gate to the infinite horrors of the Abyss.
 46557 | Depths:1 | Found a gateway to Hell.
 46926 | Depths:2 | Found a hide-covered altar of Uskayaw.
 47507 | Depths:2 | Reached skill level 15 in Invocations
 47807 | Depths:2 | Identified the +2 robe of the Old and Reckless {Harm Str+4
                  | Stlth+}
 47834 | Depths:2 | Found Teryrghac's Weapon Shop.
 48038 | Depths:2 | Found a one-way gate leading to the halls of Pandemonium.
 48493 | Depths:2 | Reached skill level 14 in Fighting
 48493 | Depths:2 | Reached skill level 14 in Short Blades
 48493 | Depths:2 | Reached skill level 14 in Long Blades
 48493 | Depths:2 | Reached skill level 14 in Axes
 48493 | Depths:2 | Reached skill level 14 in Maces & Flails
 48493 | Depths:2 | Reached skill level 14 in Polearms
 48493 | Depths:2 | Reached skill level 14 in Staves
 48493 | Depths:2 | Reached skill level 14 in Ranged Weapons
 48493 | Depths:2 | Reached skill level 14 in Throwing
 48493 | Depths:2 | Reached skill level 14 in Armour
 48493 | Depths:2 | Reached skill level 14 in Shields
 48493 | Depths:2 | Reached skill level 14 in Unarmed Combat
 48493 | Depths:2 | Reached skill level 14 in Evocations
 48539 | Depths:2 | Found a radiant altar of Vehumet.
 48819 | Depths:3 | Noticed a golden dragon
 48826 | Depths:3 | Killed a golden dragon
 48967 | Depths:3 | Reached skill level 12 in Hexes
 48967 | Depths:3 | Reached skill level 12 in Summonings
 48967 | Depths:3 | Reached skill level 12 in Necromancy
 48967 | Depths:3 | Reached skill level 12 in Translocations
 48967 | Depths:3 | Reached skill level 12 in Transmutations
 48967 | Depths:3 | Reached skill level 12 in Fire Magic
 48967 | Depths:3 | Reached skill level 12 in Ice Magic
 48967 | Depths:3 | Reached skill level 12 in Air Magic
 48967 | Depths:3 | Reached skill level 12 in Earth Magic
 48967 | Depths:3 | Reached skill level 12 in Poison Magic
 49320 | Depths:3 | Reached skill level 15 in Spellcasting
 49524 | Depths:3 | +0 storm dragon scales {rare}; a storm dragon corpse
 49536 | Depths:3 | Reached XP level 21. HP: 160/165 MP: 30/40
 49563 | Depths:3 | Reached skill level 15 in Dodging
 49733 | Depths:3 | Reached skill level 14 in Conjurations
 49948 | Depths:3 | Noticed a golden dragon
 49955 | Depths:3 | Noticed a golden dragon
 49956 | Depths:3 | Killed a golden dragon
 49957 | Depths:3 | Reached skill level 15 in Stealth
 49993 | Depths:3 | Killed a golden dragon
 49993 | Depths:3 | Identified +0 gold dragon scales
 50041 | Depths:3 | Noticed a caustic shrike
 50302 | Depths:3 | Paralysed by a great orb of eyes for 2 turns
 50490 | Depths:3 | Found a blossoming altar of Fedhas.
 50597 | Depths:3 | Found Kong's Magic Scroll Shop.
 50611 | Depths:3 | Paralysed by a great orb of eyes for 2 turns
 50623 | Depths:3 | Paralysed by a great orb of eyes for 2 turns
 50899 | Depths:3 | Killed a caustic shrike
 51036 | Depths:3 | Bought a scroll of blinking for 150 gold pieces
 51070 | Depths:3 | Found a one-way gateway to a ziggurat.
 51251 | Depths:3 | Found a viscous altar of Jiyva.
 51625 | Depths:3 | +0 gold dragon scales {rare}; +0 shadow dragon scales
                  | {rare}; 4 large rocks {=f}
 51635 | Depths:3 | You add the spells Iskenderun's Battlesphere and
                  | Spellforged Servitor to your library.
 51644 | Depths:3 | +0 gold dragon scales {rare}; +0 shadow dragon scales
                  | {rare}; 4 large rocks {=f}
 51680 | Depths:3 | Reached skill level 16 in Invocations
 51733 | Depths:3 | +0 gold dragon scales {rare}; +0 shadow dragon scales
                  | {rare}; 4 large rocks {=f}
 51749 | Depths:3 | +0 gold dragon scales {rare}; +0 shadow dragon scales
                  | {rare}; 4 large rocks {=f}
 51879 | Depths:3 | Noticed a golden dragon
 51898 | Depths:3 | Killed a golden dragon
 52166 | Depths:3 | You add the spell Stone Arrow to your library.
 52167 | Depths:3 | Identified the +8 mace of the Spheres {speed, Dex+4}
 52192 | Depths:3 | Identified the staff of earth "Dudarager" {rF++ Will-}
 52311 | Depths:3 | Found a white marble altar of Elyvilon.
 52311 | Depths:3 | Found a glowing golden altar of the Shining One.
 52313 | Depths:3 | Found a glowing silver altar of Zin.
 52402 | Depths:4 | Entered Level 4 of the Depths
 52849 | Depths:4 | You add the spells Sublimation of Blood, Petrify and
                  | Irradiate to your library.
 52860 | Depths:4 | You add the spell Fire Storm to your library.
 52860 | Depths:4 | Learned a level 9 spell: Fire Storm
 53534 | Depths:4 | Found a gate to the Realm of Zot.
 53641 | Depths:4 | +0 shadow dragon scales {rare}; a shadow dragon corpse
 53751 | Depths:4 | +0 shadow dragon scales {rare}; a shadow dragon corpse
 53773 | Depths:4 | Reached skill level 15 in Fighting
 53773 | Depths:4 | Reached skill level 15 in Short Blades
 53773 | Depths:4 | Reached skill level 15 in Long Blades
 53773 | Depths:4 | Reached skill level 15 in Axes
 53773 | Depths:4 | Reached skill level 15 in Maces & Flails
 53773 | Depths:4 | Reached skill level 15 in Polearms
 53773 | Depths:4 | Reached skill level 15 in Staves
 53773 | Depths:4 | Reached skill level 15 in Ranged Weapons
 53773 | Depths:4 | Reached skill level 15 in Throwing
 53773 | Depths:4 | Reached skill level 15 in Armour
 53773 | Depths:4 | Reached skill level 15 in Shields
 53773 | Depths:4 | Reached skill level 15 in Unarmed Combat
 53773 | Depths:4 | Reached skill level 15 in Evocations
 53983 | Depths:4 | Reached XP level 22. HP: 131/175 MP: 23/41
 54236 | Vaults:1 | Entered Level 1 of the Vaults
 55014 | Vaults:1 | Found a huge runed gate.
 55014 | Vaults:1 | Found a huge runed gate.
 55014 | Vaults:1 | Found a huge runed gate.
 55014 | Vaults:1 | Found a huge runed gate.
 55014 | Vaults:1 | Found a huge runed gate.
 55015 | Vaults:1 | Found a huge runed gate.
 55015 | Vaults:1 | Found a huge runed gate.
 55015 | Vaults:1 | Found a huge runed gate.
 55015 | Vaults:1 | Found a huge runed gate.
 55015 | Vaults:1 | Found a huge runed gate.
 55016 | Vaults:1 | Found a huge runed gate.
 55016 | Vaults:1 | Found a huge runed gate.
 55017 | Vaults:1 | Found a huge runed gate.
 55018 | Vaults:1 | Found a huge runed gate.
 55019 | Vaults:1 | Found a huge runed gate.
 55028 | Vaults:1 | Found a huge runed gate.
 55028 | Vaults:1 | Found a huge runed gate.
 55028 | Vaults:1 | Found a huge runed gate.
 55028 | Vaults:1 | Found a huge runed gate.
 55028 | Vaults:1 | Found a huge runed gate.
 55028 | Vaults:1 | Found a huge runed gate.
 55029 | Vaults:1 | Found a huge runed gate.
 55030 | Vaults:1 | Found a huge runed gate.
 55031 | Vaults:1 | Found a huge runed gate.
 55054 | Vaults:1 | Found a huge runed gate.
 55054 | Vaults:1 | Found a huge runed gate.
 55054 | Vaults:1 | Found a huge runed gate.
 55054 | Vaults:1 | Found a huge runed gate.
 55054 | Vaults:1 | Found a huge runed gate.
 55054 | Vaults:1 | Found a huge runed gate.
 55055 | Vaults:1 | Found a huge runed gate.
 55056 | Vaults:1 | Found a huge runed gate.
 55057 | Vaults:1 | Found a huge runed gate.
 55065 | Vaults:1 | Found a huge runed gate.
 55065 | Vaults:1 | Found a huge runed gate.
 55065 | Vaults:1 | Found a huge runed gate.
 55878 | Vaults:1 | Reached skill level 16 in Spellcasting
 55878 | Vaults:1 | Reached skill level 13 in Hexes
 55878 | Vaults:1 | Reached skill level 13 in Summonings
 55878 | Vaults:1 | Reached skill level 13 in Necromancy
 55878 | Vaults:1 | Reached skill level 13 in Translocations
 55878 | Vaults:1 | Reached skill level 13 in Transmutations
 55878 | Vaults:1 | Reached skill level 13 in Fire Magic
 55878 | Vaults:1 | Reached skill level 13 in Ice Magic
 55878 | Vaults:1 | Reached skill level 13 in Air Magic
 55878 | Vaults:1 | Reached skill level 13 in Earth Magic
 55878 | Vaults:1 | Reached skill level 13 in Poison Magic
 56026 | Vaults:2 | Reached skill level 16 in Dodging
 56531 | Vaults:2 | Reached skill level 16 in Stealth
 56945 | Vaults:2 | You add the spells Manifold Assault, Dispersal and
                  | Disjunction to your library.
 57271 | Vaults:2 | Found a portal to a secret trove of treasure.
 57477 | Vaults:2 | Found Nomig's Distillery.
 57483 | Vaults:2 | Bought a potion of heal wounds for 60 gold pieces
 57483 | Vaults:2 | Bought a potion of curing for 36 gold pieces
 57483 | Vaults:2 | Bought a potion of curing for 36 gold pieces
 57635 | Vaults:2 | Reached skill level 17 in Invocations
 57848 | Vaults:2 | Reached skill level 15 in Conjurations
 57848 | Vaults:2 | Reached XP level 23. HP: 171/183 MP: 32/43
 58080 | Vaults:2 | Found a runed translucent gate.
 58080 | Vaults:2 | Found a runed translucent gate.
 58080 | Vaults:2 | Found a runed translucent gate.
 58087 | Vaults:2 | Noticed Vorhees's ghost (adept DsMo)
 58087 | Vaults:2 | Noticed Vorhees's ghost (adept DjMo)
 58087 | Vaults:2 | Found the +2 Maxwell's thermic engine {flame, freeze, rev}
 58621 | Vaults:2 | Killed Vorhees's ghost
 59773 | Vaults:3 | Found a staircase to the Crypt.
 60096 | Vaults:3 | Reached skill level 16 in Fighting
 60096 | Vaults:3 | Reached skill level 16 in Short Blades
 60096 | Vaults:3 | Reached skill level 16 in Long Blades
 60096 | Vaults:3 | Reached skill level 16 in Axes
 60096 | Vaults:3 | Reached skill level 16 in Maces & Flails
 60096 | Vaults:3 | Reached skill level 16 in Polearms
 60096 | Vaults:3 | Reached skill level 16 in Staves
 60096 | Vaults:3 | Reached skill level 16 in Ranged Weapons
 60096 | Vaults:3 | Reached skill level 16 in Throwing
 60096 | Vaults:3 | Reached skill level 16 in Armour
 60096 | Vaults:3 | Reached skill level 16 in Shields
 60096 | Vaults:3 | Reached skill level 16 in Unarmed Combat
 60096 | Vaults:3 | Reached skill level 16 in Evocations
 60512 | Vaults:3 | Found a transporter.
 60513 | Vaults:3 | Found a shimmering blue altar of Sif Muna.
 60573 | Vaults:3 | Noticed Margery
 60752 | Vaults:3 | Killed Margery
 60892 | Vaults:3 | You add the spells Chain Lightning and Shatter to your
                  | library.
 60896 | Vaults:3 | You add the spell Alistair's Intoxication to your library.
 60913 | Vaults:3 | Found a transporter.
 61115 | Vaults:4 | Found a magical portal.
 61126 | WizLab   | Entered Maxwell's Workshop
 61266 | WizLab   | Identified the ring of Learphin {Ice Fly}
 61570 | WizLab   | Identified the ring "Gutz" {Ice *Corrode Int-2 Dex+9
                  | Stlth+}
 61571 | WizLab   | Identified the +9 whip of the Poles {flame, Int+4 Dex-3
                  | Stlth+}
 61580 | WizLab   | Noticed an electric golem
 61591 | WizLab   | Killed an electric golem
 61712 | WizLab   | Identified the +0 leather armour of Grottiness {rPois rN+
                  | Str+3}
 61788 | WizLab   | Acquired the Folio of Pestilence and the Autopsy
 61789 | WizLab   | You add the spells Kiss of Death, Cigotuvi's Dreadful Rot,
                  | Borgnjor's Vile Clutch and Haunt to your library.
 62259 | Vaults:4 | Found a gateway to a bazaar.
 62280 | Bazaar   | Entered a bazaar
 62280 | Bazaar   | Found Gume's Assorted Antiques.
 62280 | Bazaar   | Found Fasor's Assorted Antiques.
 62318 | Bazaar   | Found Ofaet's Magic Scroll Shoppe.
 62334 | Bazaar   | Found Xooh Zext's Antique Armour Emporium.
 62338 | Bazaar   | Bought a potion of heal wounds for 135 gold pieces
 62342 | Bazaar   | Bought a faintly humming chain mail for 171 gold pieces
 62342 | Bazaar   | Identified the +3 chain mail of the Bouncing Wars {Str+6}
                  | (You bought it in a shop in a bazaar)
 62342 | Bazaar   | Bought an amethyst-encrusted scale mail for 162 gold pieces
 62342 | Bazaar   | Identified the +3 scale mail of Divine Compulsion {Str-4
                  | Dex+6} (You bought it in a shop in a bazaar)
 62342 | Bazaar   | Bought a pair of runed gloves for 135 gold pieces
 62494 | Vaults:4 | Reached skill level 17 in Spellcasting
 62670 | Vaults:4 | Reached XP level 24. HP: 192/192 MP: 24/44
 62851 | Vaults:4 | Reached skill level 17 in Dodging
 62859 | Vaults:4 | Reached skill level 14 in Hexes
 62859 | Vaults:4 | Reached skill level 14 in Summonings
 62859 | Vaults:4 | Reached skill level 14 in Necromancy
 62859 | Vaults:4 | Reached skill level 14 in Translocations
 62859 | Vaults:4 | Reached skill level 14 in Transmutations
 62859 | Vaults:4 | Reached skill level 14 in Fire Magic
 62859 | Vaults:4 | Reached skill level 14 in Ice Magic
 62859 | Vaults:4 | Reached skill level 14 in Air Magic
 62859 | Vaults:4 | Reached skill level 14 in Earth Magic
 62859 | Vaults:4 | Reached skill level 14 in Poison Magic
 63314 | Elf:1    | Entered Level 1 of the Elven Halls
 63523 | Elf:1    | Noticed Kirke
 63528 | Elf:1    | Killed Kirke
 63544 | Elf:1    | Reached skill level 17 in Stealth
 63766 | Elf:1    | You add the spells Call Imp and Monstrous Menagerie to your
                  | library.
 63766 | Elf:1    | Got the Octavo of Company
 63795 | Elf:1    | Reached skill level 17 in Polearms
 64387 | Elf:2    | You add the spells Ozocubu's Armour and Metabolic
                  | Englaciation to your library.
 64419 | Elf:2    | Reached skill level 18 in Invocations
 64624 | Elf:2    | Found a runed translucent gate.
 64625 | Elf:2    | Found a runed translucent gate.
 64625 | Elf:2    | Found a runed translucent gate.
 65258 | Elf:2    | a +2 eveningstar of distortion {!wrare}; a +1 scimitar of
                  | pain
 65647 | Elf:3    | Entered Level 3 of the Elven Halls
 66661 | Elf:3    | Reached skill level 17 in Fighting
 66661 | Elf:3    | Reached skill level 17 in Short Blades
 66661 | Elf:3    | Reached skill level 17 in Long Blades
 66661 | Elf:3    | Reached skill level 17 in Axes
 66661 | Elf:3    | Reached skill level 17 in Maces & Flails
 66661 | Elf:3    | Reached skill level 17 in Staves
 66661 | Elf:3    | Reached skill level 17 in Ranged Weapons
 66661 | Elf:3    | Reached skill level 17 in Throwing
 66661 | Elf:3    | Reached skill level 17 in Armour
 66661 | Elf:3    | Reached skill level 17 in Shields
 66661 | Elf:3    | Reached skill level 17 in Unarmed Combat
 66661 | Elf:3    | Reached skill level 17 in Evocations
 66814 | Elf:3    | Reached skill level 16 in Conjurations
 66895 | Elf:3    | Identified the +2 buckler of Immorality {+Inv rElec}
 66898 | Elf:3    | You add the spells Sting, Poisonous Vapours and Olgreb's
                  | Toxic Radiance to your library.
 66900 | Elf:3    | Identified the +1 leather armour of the Arcane {Int+3}
 66901 | Elf:3    | Identified the +7 broad axe of the Lumpy Lives {drain, rF+
                  | rN++ Dex+2 SInv}
 66912 | Elf:3    | You add the spells Summon Forest, Eringya's Noxious Bog and
                  | Summon Hydra to your library.
 66915 | Elf:3    | Identified the +6 leather armour "Lalanug" {Int+2}
 66922 | Elf:3    | Identified the +4 robe of Daffodils {Int+3 SInv}
 66932 | Elf:3    | Identified the +3 leather armour of Seilun {-Cast Fly Str+3
                  | Stlth+}
 66941 | Elf:3    | You add the spell Necromutation to your library.
 66941 | Elf:3    | Got Sif Muna's Quarto of the Shift
 66946 | Elf:3    | You add the spells Shock, Swiftness and Airstrike to your
                  | library.
 67023 | Elf:3    | You add the spells Animate Dead and Infestation to your
                  | library.
 67381 | Vaults:5 | Entered Level 5 of the Vaults
 67382 | Vaults:5 | Noticed an ancient lich
 67387 | Vaults:5 | Reached skill level 18 in Polearms
 67387 | Vaults:5 | Reached XP level 25. HP: 200/201 MP: 44/44
 67390 | Vaults:5 | HP: 41/201 [tengu reaver/bolt of poison (10)]
 67518 | Vaults:5 | Noticed a dread lich
 67528 | Vaults:5 | Killed a dread lich
 67860 | Vaults:5 | Identified the +2 leather armour of Makhleb's Scorn {rF+
                  | Str+3 Int+7 Stlth+}
 67888 | Vaults:5 | Reached skill level 18 in Spellcasting
 68212 | Vaults:5 | Reached skill level 18 in Dodging
 68571 | Vaults:5 | HP: 35/202 [yaktaur captain/bolt (43)]
 68575 | Vaults:5 | Got a silver rune of Zot
 68721 | Vaults:5 | Killed an ancient lich
 68730 | Vaults:5 | Reached skill level 18 in Stealth
 68730 | Vaults:5 | Reached skill level 19 in Invocations
 68931 | Vaults:5 | +0 storm dragon scales {rare}; a +2 cloak of poison
                  | resistance; a storm dragon corpse
 68965 | Vaults:5 | Reached skill level 15 in Hexes
 68965 | Vaults:5 | Reached skill level 15 in Summonings
 68965 | Vaults:5 | Reached skill level 15 in Necromancy
 68965 | Vaults:5 | Reached skill level 15 in Translocations
 68965 | Vaults:5 | Reached skill level 15 in Transmutations
 68965 | Vaults:5 | Reached skill level 15 in Fire Magic
 68965 | Vaults:5 | Reached skill level 15 in Ice Magic
 68965 | Vaults:5 | Reached skill level 15 in Air Magic
 68965 | Vaults:5 | Reached skill level 15 in Earth Magic
 68965 | Vaults:5 | Reached skill level 15 in Poison Magic
 69244 | Vaults:5 | Reached skill level 19 in Polearms
 69381 | Vaults:5 | a vault guard comes into view. It is wielding a +0 bardiche
                  | of venom and wearing the +9 scales of the Dragon King
                  | {rPois rF+ rC+ Will+}.
 69399 | Vaults:4 | Aim: a vault guard, wielding a +0 bardiche of venom,
                  | wearing the +9 scales of the Dragon King {rPois rF+ rC+
                  | Will+}, wearing a +5 ring of evasion and quivering stones
                  | (lightly wounded)
 69399 | Vaults:4 | Aim: a vault guard, wielding a +0 bardiche of venom,
                  | wearing the +9 scales of the Dragon King {rPois rF+ rC+
                  | Will+}, wearing a +5 ring of evasion and quivering stones
                  | (lightly wounded)
 69554 | Vaults:4 | Aim: a vault guard, wielding a +0 bardiche of venom,
                  | wearing the +9 scales of the Dragon King {rPois rF+ rC+
                  | Will+}, wearing a +5 ring of evasion and quivering stones
                  | (72% to hit)
 69554 | Vaults:4 | Aim: a vault guard, wielding a +0 bardiche of venom,
                  | wearing the +9 scales of the Dragon King {rPois rF+ rC+
                  | Will+}, wearing a +5 ring of evasion and quivering stones
                  | (72% to hit)
 69555 | Vaults:4 | Aim: a vault guard, wielding a +0 bardiche of venom,
                  | wearing the +9 scales of the Dragon King {rPois rF+ rC+
                  | Will+}, wearing a +5 ring of evasion and quivering stones
                  | (heavily wounded, 72% to hit)
 69555 | Vaults:4 | Aim: a vault guard, wielding a +0 bardiche of venom,
                  | wearing the +9 scales of the Dragon King {rPois rF+ rC+
                  | Will+}, wearing a +5 ring of evasion and quivering stones
                  | (heavily wounded, 72% to hit)
 69650 | Vaults:5 | a +2 eveningstar of protection {rare}; a +0 plate armour
 69782 | Vaults:5 | Identified the staff of fire "Orhaub" {rPois rF+}
 69984 | Vaults:5 | You add the spell Passage of Golubria to your library.
 70046 | Vaults:5 | You add the spells Gell's Gravitas and Teleport Other to
                  | your library.
 70057 | Vaults:5 | Found Vidgh's Magic Scroll Emporium.
 70119 | Vaults:5 | Found Ublykei's Distillery.
 70124 | Vaults:5 | Bought a potion of heal wounds for 120 gold pieces
 70124 | Vaults:5 | Bought a potion of curing for 72 gold pieces
 70124 | Vaults:5 | Bought a potion of curing for 72 gold pieces
 70124 | Vaults:5 | Bought a potion of mutation for 192 gold pieces
 70124 | Vaults:5 | Bought a potion of mutation for 192 gold pieces
 70641 | Vaults:5 | Identified the staff of death "Wygegg" {rN+ Str+3}
 70644 | Vaults:5 | You add the spells Sandblast and Passwall to your library.
 71065 | Hell     | Entered the Vestibule of Hell
 71065 | Hell     | Noticed Geryon
 71070 | Hell     | Noticed Murray
 71075 | Hell     | Reached XP level 26. HP: 110/210 MP: 25/45
 71189 | Depths:1 | HP: 44/210 [soul eater (16)]
 71327 | Depths:1 | Killed Murray
 71602 | Hell     | Killed Geryon
 72465 | Hell     | Found a gateway to the Iron City of Dis.
 72525 | Hell     | Found a gateway to the freezing wastes of Cocytus.
 72635 | Hell     | Found a gateway to the ashen valley of Gehenna.
 72716 | Hell     | Reached skill level 18 in Fighting
 72716 | Hell     | Reached skill level 18 in Short Blades
 72716 | Hell     | Reached skill level 18 in Long Blades
 72716 | Hell     | Reached skill level 18 in Axes
 72716 | Hell     | Reached skill level 18 in Maces & Flails
 72716 | Hell     | Reached skill level 18 in Staves
 72716 | Hell     | Reached skill level 18 in Ranged Weapons
 72716 | Hell     | Reached skill level 18 in Throwing
 72716 | Hell     | Reached skill level 18 in Armour
 72716 | Hell     | Reached skill level 18 in Shields
 72716 | Hell     | Reached skill level 18 in Unarmed Combat
 72716 | Hell     | Reached skill level 18 in Evocations
 72886 | Hell     | Found a gateway to the decaying netherworld of Tartarus.
 73105 | Zot:1    | Entered Level 1 of the Realm of Zot
 73453 | Zot:1    | Identified +0 gold dragon scales
 73781 | Zot:1    | +0 gold dragon scales {rare}; a golden dragon skeleton
 74276 | Zot:2    | Noticed an electric golem
 74374 | Zot:2    | Noticed an orb of fire
 74377 | Zot:2    | Gained mutation: You are clumsy. (Dex -2) [an orb of fire]
 74380 | Zot:2    | Gained mutation: Your body sometimes deteriorates upon
                  | taking damage. [an orb of fire]
 74389 | Zot:1    | Gained mutation: You are somewhat resistant to further
                  | mutation. [an orb of fire]
 74397 | Zot:1    | Killed an orb of fire
 74672 | Zot:2    | Reached skill level 20 in Polearms
 74673 | Zot:2    | HP: 52/211 [yellow draconian annihilator/iron shot (56)]
 75104 | Zot:2    | Killed an electric golem
 75806 | Zot:2    | Reached skill level 17 in Conjurations
 75922 | Zot:2    | Noticed Vv
 76612 | Zot:2    | Reached skill level 19 in Spellcasting
 76817 | Zot:2    | a +0 battleaxe; +0 storm dragon scales {rare}; a yellow
                  | draconian skeleton
 76945 | Zot:2    | Reached XP level 27. HP: 219/219 MP: 45/46
 76952 | Zot:2    | You add the spells Blink and Storm Form to your library.
 76969 | Zot:2    | Found a transporter.
 77010 | Zot:2    | Killed Vv
 77181 | Zot:2    | Found a transporter.
 77455 | Zot:2    | Noticed an ancient lich
 77458 | Zot:2    | Killed an ancient lich
 77459 | Zot:2    | Reached skill level 20 in Invocations
 77463 | Zot:2    | Reached skill level 19 in Dodging
 77507 | Zot:2    | You add the spells Portal Projectile and Leda's
                  | Liquefaction to your library.
 77516 | Zot:2    | Identified the +4 chain mail of Negligence {rElec rPois
                  | rN+}
 77525 | Zot:2    | You add the spells Confusing Touch and Dispel Undead to
                  | your library.
 77550 | Zot:2    | You add the spells Vhi's Electric Charge, Arcjolt and
                  | Maxwell's Capacitive Coupling to your library.
 77552 | Zot:2    | You add the spell Lesser Beckoning to your library.
 77555 | Zot:2    | You add the spell Ensorcelled Hibernation to your library.
 77667 | Zot:3    | Found a runed translucent door.
 77669 | Zot:3    | Noticed ShutUppercut's ghost (legendary DsGl)
 78170 | Zot:3    | Noticed an electric golem
 78180 | Zot:3    | Killed an electric golem
 78185 | Zot:3    | Reached skill level 19 in Stealth
 78294 | Zot:3    | You are sucked into a shaft and drop 1 floor!
 78783 | Zot:3    | Identified the +4 dagger "Exzeh" {spect, Int+5}
 78816 | Zot:3    | +0 storm dragon scales {rare}; a storm dragon corpse
 78995 | Zot:3    | Killed ShutUppercut's ghost
 79148 | Zot:4    | Identified +0 gold dragon scales
 79278 | Zot:4    | +0 gold dragon scales {rare}; a golden dragon corpse
 79522 | Zot:4    | +0 gold dragon scales {rare}; a golden dragon skeleton
 79525 | Zot:4    | Reached skill level 16 in Hexes
 79525 | Zot:4    | Reached skill level 16 in Summonings
 79525 | Zot:4    | Reached skill level 16 in Necromancy
 79525 | Zot:4    | Reached skill level 16 in Translocations
 79525 | Zot:4    | Reached skill level 16 in Transmutations
 79525 | Zot:4    | Reached skill level 16 in Fire Magic
 79525 | Zot:4    | Reached skill level 16 in Ice Magic
 79525 | Zot:4    | Reached skill level 16 in Air Magic
 79525 | Zot:4    | Reached skill level 16 in Earth Magic
 79525 | Zot:4    | Reached skill level 16 in Poison Magic
 79702 | Zot:4    | Reached skill level 21 in Polearms
 80184 | Zot:5    | Entered Level 5 of the Realm of Zot
 80528 | Vaults:2 | This trove needs 8 scrolls of blinking to function. Give it
                  | the items?
 80761 | Slime:1  | Entered Level 1 of the Pits of Slime
 82696 | Slime:3  | Reached skill level 19 in Fighting
 82696 | Slime:3  | Reached skill level 19 in Short Blades
 82696 | Slime:3  | Reached skill level 19 in Long Blades
 82696 | Slime:3  | Reached skill level 19 in Axes
 82696 | Slime:3  | Reached skill level 19 in Maces & Flails
 82696 | Slime:3  | Reached skill level 19 in Staves
 82696 | Slime:3  | Reached skill level 19 in Ranged Weapons
 82696 | Slime:3  | Reached skill level 19 in Throwing
 82696 | Slime:3  | Reached skill level 19 in Armour
 82696 | Slime:3  | Reached skill level 19 in Shields
 82696 | Slime:3  | Reached skill level 19 in Unarmed Combat
 82696 | Slime:3  | Reached skill level 19 in Evocations
 82753 | Slime:3  | Lost mutation: You are somewhat resistant to further
                  | mutation. [potion of mutation]
 82753 | Slime:3  | Lost mutation: Your body sometimes deteriorates upon taking
                  | damage. [potion of mutation]
 82753 | Slime:3  | Lost mutation: You are clumsy. (Dex -2) [potion of
                  | mutation]
 82753 | Slime:3  | Gained mutation: Your spells are a little harder to cast,
                  | but a little more powerful. [potion of mutation]
 82753 | Slime:3  | Gained mutation: Your spells are harder to cast, but more
                  | powerful. [potion of mutation]
 82753 | Slime:3  | Gained mutation: You are somewhat resistant to further
                  | mutation. [potion of mutation]
 83091 | Slime:5  | Entered Level 5 of the Pits of Slime
 83118 | Slime:5  | Noticed the Royal Jelly
 83732 | Slime:5  | Killed the Royal Jelly
 84121 | Slime:5  | Identified the +9 dagger "Giawibai" {freeze, rPois Will-
                  | Dex+5}
 84140 | Slime:5  | Identified the +8 plate armour of Gozag's Approval {rF+
                  | rN+}
 84159 | Slime:5  | Identified the +8 battleaxe of Popular Demand {heavy, rElec
                  | Int+3}
 84176 | Slime:5  | Identified a +2 robe of the Archmagi
 84184 | Slime:5  | Identified the +0 ring mail "Matzakk" {-Cast Fly rPois
                  | rC++}
 84186 | Slime:5  | Got a slimy rune of Zot
 84189 | Slime:5  | Identified the +0 acid dragon scales "Iduniat" {rCorr
                  | Int+3}
 84201 | Slime:5  | You add the spells Mephitic Cloud and Freezing Cloud to
                  | your library.
 84213 | Slime:5  | You add the spells Slow and Vampiric Draining to your
                  | library.
 84979 | D:10     | Killed Termiter's ghost
 85192 | D:15     | Killed Xiestris's ghost
 85378 | D:15     | Killed Rac Baapt's ghost
 85389 | D:15     | Killed Boahovan's ghost
 85391 | D:15     | Killed Lyniq's ghost
 85443 | D:15     | Identified the ring of the Grand Breadfruit {rElec rF+ MP+9
                  | Dex+6}
 86614 | Vaults:5 | Bought a scroll of blinking for 105 gold pieces
 87055 | Orc:2    | Bought an amulet of magic regeneration for 480 gold pieces
 87319 | Depths:1 | Voluntarily entered the Abyss.
 87319 | Abyss:1  | Found a corrupted altar of Lugonu.
 87800 | Abyss:1  | Reached skill level 22 in Polearms
 87884 | Abyss:2  | Found a corrupted altar of Lugonu.
 88260 | Abyss:3  | Reached skill level 21 in Invocations
 88317 | Abyss:3  | Gained mutation: You are frail. (-10% HP) [a neqoxec]
 88324 | Abyss:3  | Reached skill level 20 in Spellcasting
 88332 | Abyss:3  | Found an ancient bone altar of Kikubaaqudgha.
 88449 | Abyss:3  | Found a transporter.
 88469 | Abyss:3  | Got an abyssal rune of Zot
 88578 | Abyss:3  | Reached skill level 20 in Dodging
 88582 | Depths:1 | You pass through the gate.
 88582 | Depths:1 | Escaped the Abyss
 89394 | Zot:5    | Reached skill level 18 in Conjurations
 89451 | Zot:5    | Reached skill level 20 in Stealth
 89485 | Zot:5    | Noticed an ancient lich
 89496 | Zot:5    | Killed an ancient lich
 89515 | Zot:5    | Identified +0 gold dragon scales
 89554 | Zot:5    | Noticed an ancient lich
 89556 | Zot:5    | Killed an ancient lich
 89600 | Zot:5    | Noticed an electric golem
 89604 | Zot:5    | Killed an electric golem
 89687 | Zot:5    | Noticed an orb of fire
 89692 | Zot:5    | Lost mutation: Your spells are harder to cast, but more
                  | powerful. [an orb of fire]
 89694 | Zot:5    | Killed an orb of fire
 89789 | Zot:5    | Noticed an electric golem
 89795 | Zot:5    | Killed an electric golem
 89930 | Zot:5    | Noticed an ancient lich
 89943 | Zot:5    | Killed an ancient lich
 90028 | Zot:5    | Noticed a dread lich
 90032 | Zot:5    | Killed a dread lich
 90033 | Zot:5    | Reached skill level 17 in Hexes
 90033 | Zot:5    | Reached skill level 17 in Summonings
 90033 | Zot:5    | Reached skill level 17 in Necromancy
 90033 | Zot:5    | Reached skill level 17 in Translocations
 90033 | Zot:5    | Reached skill level 17 in Transmutations
 90033 | Zot:5    | Reached skill level 17 in Fire Magic
 90033 | Zot:5    | Reached skill level 17 in Ice Magic
 90033 | Zot:5    | Reached skill level 17 in Air Magic
 90033 | Zot:5    | Reached skill level 17 in Earth Magic
 90033 | Zot:5    | Reached skill level 17 in Poison Magic
 90052 | Zot:5    | Noticed a dread lich
 90053 | Zot:5    | Noticed a dread lich
 90061 | Zot:5    | Killed a dread lich
 90134 | Zot:5    | Noticed a dread lich
 90140 | Zot:5    | Killed a dread lich
 90142 | Zot:5    | Paralysed by a dread lich for 5 turns
 90147 | Zot:5    | Killed a dread lich
 90148 | Zot:5    | Reached skill level 20 in Fighting
 90148 | Zot:5    | Reached skill level 20 in Short Blades
 90148 | Zot:5    | Reached skill level 20 in Long Blades
 90148 | Zot:5    | Reached skill level 20 in Axes
 90148 | Zot:5    | Reached skill level 20 in Maces & Flails
 90148 | Zot:5    | Reached skill level 23 in Polearms
 90148 | Zot:5    | Reached skill level 20 in Staves
 90148 | Zot:5    | Reached skill level 20 in Ranged Weapons
 90148 | Zot:5    | Reached skill level 20 in Throwing
 90148 | Zot:5    | Reached skill level 20 in Armour
 90148 | Zot:5    | Reached skill level 20 in Shields
 90148 | Zot:5    | Reached skill level 20 in Unarmed Combat
 90148 | Zot:5    | Reached skill level 20 in Evocations
 90336 | Zot:5    | Learned a level 9 spell: Shatter
 90371 | Zot:5    | Noticed an orb of fire
 90376 | Zot:5    | Lost mutation: Your spells are a little harder to cast, but
                  | a little more powerful. [an orb of fire]
 90379 | Zot:5    | Killed an orb of fire
 91238 | Pan      | Entered Pandemonium
 91297 | Pan      | Identified the +7 hand axe of the Blowfly {flame, rPois rC-
                  | rN+ Will+++}
 91304 | Pan      | Noticed Locrais the pandemonium lord
 91305 | Pan      | Killed Locrais the pandemonium lord
 92468 | Pan      | HP: 37/201 [??? (27)]
 92487 | Pan      | HP: 46/201 [disintegration (30)]
 92493 | Pan      | HP: 49/201 [disintegration (25)]
 92629 | Pan      | Found an exit through the horrors of the Abyss.
 92678 | Pan      | Noticed Zaoshac the pandemonium lord
 92680 | Pan      | Killed Zaoshac the pandemonium lord
 92915 | Pan      | Gained mutation: You occasionally lose the ability to drink
                  | potions when taking damage. [a cacodemon]
 93246 | Pan      | Learned a level 7 spell: Spellforged Servitor
 93943 | Pan      | Reached skill level 22 in Invocations
 93944 | Pan      | Gained mutation: You have a pair of small antennae on your
                  | head. [a neqoxec]
 94038 | Pan      | Gained mutation: Your magical capacity is low. (-10% MP) [a
                  | neqoxec]
 94070 | Pan      | Noticed Secalol the pandemonium lord
 94081 | Pan      | Killed Secalol the pandemonium lord
 94141 | Pan      | You add the spell Statue Form to your library.
 95301 | Pan      | magus.rc [v1.11.6]
 95728 | Pan      | Reached skill level 21 in Spellcasting
 96072 | Pan      | Lost mutation: You have a pair of small antennae on your
                  | head. [potion of mutation]
 96072 | Pan      | Lost mutation: You are somewhat resistant to further
                  | mutation. [potion of mutation]
 96072 | Pan      | Lost mutation: Your magical capacity is low. (-10% MP)
                  | [potion of mutation]
 96072 | Pan      | Gained mutation: You possess an exceptional clarity of
                  | mind. [potion of mutation]
 96072 | Pan      | Gained mutation: You are dopey. (Int -2) [potion of
                  | mutation]
 96073 | Pan      | Lost mutation: You are frail. (-10% HP) [potion of
                  | mutation]
 96073 | Pan      | Lost mutation: You occasionally lose the ability to drink
                  | potions when taking damage. [potion of mutation]
 96073 | Pan      | Gained mutation: You have a somewhat thin skeletal
                  | structure. (Dex +2, Stealth+) [potion of mutation]
 96218 | Pan      | You add the spells Borgnjor's Revivification and Death's
                  | Door to your library.
 96349 | Pan      | Noticed Jodohef the pandemonium lord
 96357 | Pan      | Killed Jodohef the pandemonium lord
 96668 | Pan      | Reached skill level 21 in Dodging
 96791 | Pan      | Reached skill level 24 in Polearms
 97012 | Pan      | Found an exit through the horrors of the Abyss.
 97107 | Pan      | Noticed Zokkitei the pandemonium lord
 97133 | Pan      | HP: 38/226 [??? (28)]
 97157 | Pan      | Reached skill level 21 in Stealth
 97158 | Pan      | HP: 52/226 [??? (39)]
 97733 | Pan      | Identified the +11 mace of Lust {pain, rC+ rCorr}
 98150 | Pan      | Paralysed by Zokkitei for 2 turns
 98153 | Pan      | Killed Zokkitei the pandemonium lord
 98359 | Pan      | Found an exit through the horrors of the Abyss.
 98852 | Pan      | Reached skill level 19 in Conjurations
 98940 | Pan      | Noticed Misk the pandemonium lord
 98947 | Pan      | Killed Misk the pandemonium lord
 99588 | Pan      | Gained mutation: You have large cloven feet. [a neqoxec]
 99664 | Pan      | Got a demonic rune of Zot
100143 | Pan      | Reached skill level 21 in Fighting
100143 | Pan      | Reached skill level 21 in Short Blades
100143 | Pan      | Reached skill level 21 in Long Blades
100143 | Pan      | Reached skill level 21 in Axes
100143 | Pan      | Reached skill level 21 in Maces & Flails
100143 | Pan      | Reached skill level 21 in Staves
100143 | Pan      | Reached skill level 21 in Ranged Weapons
100143 | Pan      | Reached skill level 21 in Throwing
100143 | Pan      | Reached skill level 21 in Armour
100143 | Pan      | Reached skill level 21 in Shields
100143 | Pan      | Reached skill level 21 in Unarmed Combat
100143 | Pan      | Reached skill level 21 in Evocations
100293 | Pan      | Noticed Wodghi the pandemonium lord
100295 | Pan      | Killed Wodghi the pandemonium lord
100296 | Pan      | Reached skill level 18 in Hexes
100296 | Pan      | Reached skill level 18 in Summonings
100296 | Pan      | Reached skill level 18 in Necromancy
100296 | Pan      | Reached skill level 18 in Translocations
100296 | Pan      | Reached skill level 18 in Transmutations
100296 | Pan      | Reached skill level 18 in Fire Magic
100296 | Pan      | Reached skill level 18 in Ice Magic
100296 | Pan      | Reached skill level 18 in Air Magic
100296 | Pan      | Reached skill level 18 in Earth Magic
100296 | Pan      | Reached skill level 18 in Poison Magic
101431 | Pan      | Entered the realm of Cerebov.
103162 | Pan      | Identified the +1 hand axe "Qeuloataew" {flame, *Corrode
                  | rF+ Str+2 Stlth+}
103272 | Pan      | Identified the +8 long sword of Joghig {freeze, *Rage rF++
                  | Will+ Stlth+}
103406 | Pan      | Identified the ring "Capar" {rPois Will+ Str+3}
103512 | Pan      | Reached skill level 25 in Polearms
103625 | Pan      | Found the +6 sword of Cerebov {flame}
103625 | Pan      | Cerebov, Demon Lord of Fire and Steel comes into view. They
                  | are wielding the +6 sword of Cerebov {flame}.
103625 | Pan      | Noticed Cerebov
103677 | Pan      | Got a fiery rune of Zot
103689 | Pan      | Aim: Cerebov, wielding the +6 sword of Cerebov {flame} and
                  | wearing an amulet of reflection (fast, ally target,
                  | reflecting blocked projectiles)
103689 | Pan      | Aim: Cerebov, wielding the +6 sword of Cerebov {flame} and
                  | wearing an amulet of reflection (fast, ally target,
                  | reflecting blocked projectiles)
103690 | Pan      | Aim: Cerebov, wielding the +6 sword of Cerebov {flame} and
                  | wearing an amulet of reflection (lightly wounded, fast, not
                  | watching you, ally target, reflecting blocked projectiles,
                  | 87% to hit)
103690 | Pan      | Aim: Cerebov, wielding the +6 sword of Cerebov {flame} and
                  | wearing an amulet of reflection (lightly wounded, fast, not
                  | watching you, ally target, reflecting blocked projectiles,
                  | 87% to hit)
103692 | Pan      | Aim: Cerebov, wielding the +6 sword of Cerebov {flame} and
                  | wearing an amulet of reflection (lightly wounded, fast,
                  | ally target, reflecting blocked projectiles, 87% to hit)
103692 | Pan      | Aim: Cerebov, wielding the +6 sword of Cerebov {flame} and
                  | wearing an amulet of reflection (lightly wounded, fast,
                  | ally target, reflecting blocked projectiles, 87% to hit)
103693 | Pan      | Aim: Cerebov, wielding the +6 sword of Cerebov {flame} and
                  | wearing an amulet of reflection (moderately wounded, fast,
                  | ally target, reflecting blocked projectiles, 87% to hit)
103693 | Pan      | Aim: Cerebov, wielding the +6 sword of Cerebov {flame} and
                  | wearing an amulet of reflection (moderately wounded, fast,
                  | ally target, reflecting blocked projectiles, 87% to hit)
103694 | Pan      | Aim: Cerebov, wielding the +6 sword of Cerebov {flame} and
                  | wearing an amulet of reflection (moderately wounded, fast,
                  | ally target, reflecting blocked projectiles, 87% to hit)
103694 | Pan      | Aim: Cerebov, wielding the +6 sword of Cerebov {flame} and
                  | wearing an amulet of reflection (moderately wounded, fast,
                  | ally target, reflecting blocked projectiles, 87% to hit)
103695 | Pan      | Aim: Cerebov, wielding the +6 sword of Cerebov {flame} and
                  | wearing an amulet of reflection (moderately wounded, fast,
                  | ally target, reflecting blocked projectiles, 87% to hit)
103695 | Pan      | Aim: Cerebov, wielding the +6 sword of Cerebov {flame} and
                  | wearing an amulet of reflection (moderately wounded, fast,
                  | ally target, reflecting blocked projectiles, 87% to hit)
103698 | Pan      | Aim: Cerebov, wielding the +6 sword of Cerebov {flame} and
                  | wearing an amulet of reflection (heavily wounded, fast,
                  | reflecting blocked projectiles, 87% to hit)
103698 | Pan      | Aim: Cerebov, wielding the +6 sword of Cerebov {flame} and
                  | wearing an amulet of reflection (heavily wounded, fast,
                  | reflecting blocked projectiles, 87% to hit)
103712 | Pan      | HP: 55/228 [sun demon[a balrug] (3)]
103720 | Pan      | HP: 54/228 [balrug/bolt of fire (11)]
103723 | Pan      | HP: 24/228 [sun demon (16)]
103864 | Pan      | Entered the realm of Gloorx Vloq.
104106 | Pan      | Reached skill level 23 in Invocations
104468 | Pan      | Noticed a curse skull
104471 | Pan      | Killed a curse skull
104619 | Pan      | Noticed a curse skull
104633 | Pan      | Killed a curse skull
104764 | Pan      | Noticed Gloorx Vloq
104770 | Pan      | HP: 36/229 [??? (27)]
104775 | Pan      | HP: 24/229 [Gloorx Vloq] (1)]
104779 | Pan      | HP: 11/229 [??? (6)]
105203 | Pan      | Got a dark rune of Zot
105235 | Pan      | Killed Gloorx Vloq
105857 | Pan      | Reached skill level 22 in Spellcasting
105918 | Pan      | Noticed Qixon the pandemonium lord
105923 | Pan      | Gained mutation: Your magical capacity is low. (-10% MP) [a
                  | cacodemon]
105939 | Pan      | Reached skill level 22 in Dodging
105942 | Pan      | Killed Qixon the pandemonium lord
106083 | Pan      | You add the spells Summon Mana Viper and Summon Cactus
                  | Giant to your library.
106749 | Pan      | Reached skill level 22 in Stealth
106825 | Pan      | Entered the realm of Lom Lobon.
106996 | Pan      | Found an exit through the horrors of the Abyss.
107306 | Pan      | Identified the +1 chain mail of Experimentation {Int+2}
107447 | Pan      | Found the +6 sword of Cerebov {flame}
107447 | Pan      | Cerebov, Demon Lord of Fire and Steel comes into view. They
                  | are wielding the +6 sword of Cerebov {flame}.
107447 | Pan      | Noticed Cerebov
107493 | Pan      | HP: 29/230 [Brimstone Fiend/damnation[Cerebov] (48)]
108483 | Pan      | Reached skill level 26 in Polearms
108606 | Pan      | Noticed Lom Lobon
108656 | Pan      | HP: 50/231 [Lom Lobon (27)]
108744 | Pan      | Aim: Cerebov, wielding the +6 sword of Cerebov {flame}
                  | (fast)
108744 | Pan      | Aim: Cerebov, wielding the +6 sword of Cerebov {flame}
                  | (fast)
109294 | Pan      | HP: 52/231 [Lom Lobon/great icy blast (43)]
109513 | Pan      | Got a magical rune of Zot
109753 | Pan      | Entered the realm of Mnoleg.
109756 | Pan      | Noticed Mnoleg
109768 | Pan      | Got a glowing rune of Zot
110111 | Pan      | Found an exit through the horrors of the Abyss.
110218 | Pan      | Identified the +4 glaive of Efeqaji {elec, rElec rPois
                  | Str-5 Int+3}
110227 | Pan      | Got the Essays on the Mob
110448 | Pan      | Reached skill level 22 in Fighting
110448 | Pan      | Reached skill level 22 in Short Blades
110448 | Pan      | Reached skill level 22 in Long Blades
110448 | Pan      | Reached skill level 22 in Axes
110448 | Pan      | Reached skill level 22 in Maces & Flails
110448 | Pan      | Reached skill level 22 in Staves
110448 | Pan      | Reached skill level 22 in Ranged Weapons
110448 | Pan      | Reached skill level 22 in Throwing
110448 | Pan      | Reached skill level 22 in Armour
110448 | Pan      | Reached skill level 22 in Shields
110448 | Pan      | Reached skill level 22 in Unarmed Combat
110448 | Pan      | Reached skill level 22 in Evocations
110571 | Pan      | Gained mutation: You are clumsy. (Dex -2) [a neqoxec]
110673 | Pan      | Killed Mnoleg
110674 | Pan      | Reached skill level 20 in Conjurations
111242 | Pan      | Gained mutation: Your body sometimes deteriorates upon
                  | taking damage. [a neqoxec]
111437 | Pan      | Noticed Lom Lobon
111446 | Depths:2 | You pass through the gate.
111446 | Depths:2 | Escaped Pandemonium
111768 | Zot:5    | Got the Orb of Zot
111799 | Zot:5    | Reached skill level 19 in Hexes
111799 | Zot:5    | Reached skill level 19 in Summonings
111799 | Zot:5    | Reached skill level 19 in Necromancy
111799 | Zot:5    | Reached skill level 19 in Translocations
111799 | Zot:5    | Reached skill level 19 in Transmutations
111799 | Zot:5    | Reached skill level 19 in Fire Magic
111799 | Zot:5    | Reached skill level 19 in Ice Magic
111799 | Zot:5    | Reached skill level 19 in Air Magic
111799 | Zot:5    | Reached skill level 19 in Earth Magic
111799 | Zot:5    | Reached skill level 19 in Poison Magic
112249 | D:10     | Lost mutation: Your magical capacity is low. (-10% MP) [a
                  | cacodemon]
112260 | D:9      | Noticed Pesefanna the pandemonium lord
112266 | D:9      | Killed Pesefanna the pandemonium lord
112477 | D:$      | Escaped with the Orb!

Vanquished Creatures
  the Royal Jelly (Slime:5)
  Gloorx Vloq (Pan)
  Mnoleg (Pan)
  5 dread liches
  4 ancient liches
  3 orbs of fire
  Vv (Zot:2)
  The ghost of ShutUppercut the Conqueror, a legendary DsGl of Qazlal (Zot:3)
  8 pandemonium lords
  2 Killer Klowns (Zot:5)
  Bai Suzhen (Swamp:4)
  Margery (Vaults:3)
  A caustic shrike (Depths:3)
  Geryon (Hell)
  12 golden dragons
  The ghost of Vorhees the Sorcerer, an adept DjMo of Elyvilon (Vaults:2)
  5 Brimstone Fiends (Pan)
  2 Tzitzimimeh (Pan)
  6 hellephants
  6 Hell Sentinels
  5 electric golems
  Jorgrun (Swamp:2)
  19 tentacled monstrosities
  Mlioglotl (Swamp:4)
  6 Ice Fiends
  A walking crystal tome (Depths:3)
  13 liches
  4 titans
  2 walking divine tomes (Depths:3)
  Murray (Depths:1)
  28 Orb Guardians
  5 quicksilver dragons
  3 deep elf blademasters (Elf:3)
  11 tentacled starspawn
  27 acid blobs
  27 Executioners
  An eldritch tentacle (Pan)
  14 death cobs
  4 deep elf master archers (Elf:3)
  8 sphinxes
  5 shadow dragons
  Kirke (Elf:1)
  3 thorn hunters (Swamp:4)
  2 ancient champions (Hell)
  8 tengu reavers
  18 storm dragons
  5 demonspawn warmongers (Pan)
  The ghost of Lyniq the Alchemist, a journeyman DrTm of Wu Jian (D:15)
  7 draconian monks
  2 fenstrider witches
  3 daevas
  14 rockslimes
  12 azure jellies
  5 draconian knights
  8 fire giants
  4 emperor scorpions
  2 frost giants
  21 vault wardens
  3 iron dragons
  35 balrugs
  4 ghost moths
  A draconian scorcher (Zot:4)
  6 draconian shifters
  Louise (Depths:1)
  7 deep elf sorcerers
  The ghost of Boahovan the Carver, a journeyman DsGl of Makhleb (D:15)
  The ghost of Xiestris the Carver, a journeyman DsGl of Makhleb (D:15)
  5 deep elf elementalists
  A spriggan defender (Depths:3)
  28 cacodemons
  4 ghouls
  2 draconian stormcallers
  2 curse skulls (Pan)
  8 demonspawn corrupters (Pan)
  8 draconian annihilators
  A stone giant (shapeshifter) (Depths:3)
  24 quicksilver oozes
  16 reapers
  14 stone giants
  3 war gargoyles
  13 green draconians
  31 ironbound preservers
  An orc warlord (Vaults:3)
  A caustic shrike skeleton (Pan)
  33 very ugly things
  8 demonspawn blood saints (Pan)
  A putrid mouth (Hell)
  11 ironbound thunderhulks
  6 demonspawn black suns (Pan)
  2 vampire knights (Swamp:4)
  3 broodmothers
  4 deep elf demonologists
  Nessos (D:15)
  6 purple draconians
  2 eleionomae
  7 starcursed masses
  18 yellow draconians
  10 deep elf annihilators
  6 bunyips
  20 lorocyprocas
  The ghost of Rac Baapt the Cleaver, a journeyman DsBe of Trog (D:15)
  4 black draconians
  24 spark wasps
  11 red draconians
  3 minotaurs (Depths:2)
  6 white draconians
  2 iron golems
  5 dire elephants (Vaults:3)
  8 deep elf death magi
  Snorg (Orc:1)
  21 green deaths (Pan)
  10 ettins
  A quicksilver dragon zombie (Hell)
  23 blizzard demons
  A kraken zombie (Hell)
  2 crystal guardians (WizLab)
  Josephine (D:14)
  5 deep elf high priests
  6 entropy weavers
  13 great orbs of eyes
  A fire dragon (Depths:1)
  4 shambling mangroves
  6 ice dragons
  A salamander tyrant (WizLab)
  34 vault guards
  17 yaktaur captains
  2 ogre magi
  14 rakshasas
  2 jorogumos
  A radroach (Lair:2)
  2 ghost crabs
  5 catoblepae
  7 spriggan air magi
  5 peacekeepers
  4 spriggan skeletons
  12 ironbound frosthearts
  5 boulder beetles
  12 hydras
  The ghost of Termiter the Reanimator, a journeyman DsNe of Nemelex Xobeh (D:10)
  A death knight (Vaults:3)
  9 centaur warriors
  11 alligators
  4 hell beasts
  9 two-headed ogres
  6 death yaks (Lair:5)
  11 hell hogs
  9 deep troll shamans
  8 tengu warriors
  4 vampire magi
  9 deep troll earth magi
  28 dancing weapons
  3 spriggan berserkers
  Urug (D:12)
  4 thrashing horrors (Abyss:3)
  104 sun demons
  25 hell knights
  Sonja (D:13)
  18 soul eaters
  5 spriggans
  34 sixfirhies (Pan)
  2 sun moths
  11 pharaoh ants
  17 deep elf knights
  6 skeletal warriors
  A golden dragon zombie (Depths:1)
  2 titan skeletons (Pan)
  An anaconda zombie (Hell)
  10 iron trolls
  A fire crab (shapeshifter) (Depths:3)
  5 shadow wraiths
  84 deep trolls
  4 goliath frogs
  3 spectral hydras (Swamp:4)
  3 wretched stars
  8 orb spiders
  A spatial maelstrom (Abyss:3)
  2 tengu zombies
  11 glowing orange brains
  7 spriggan druids
  5 flayed ghosts
  A bunyip skeleton (Pan)
  A spriggan simulacrum (Abyss:3)
  8 swamp dragons
  12 bog bodies
  13 deep elf archers
  16 ironbound convokers
  4 lindwurms
  An anaconda skeleton (Pan)
  20 shadow demons
  8 phantasmal warriors
  11 orc knights
  10 wizards
  6 harpies (Vaults:2)
  A wolf spider (shapeshifter) (Vaults:5)
  18 necromancers
  10 steelbarb worms
  56 large abominations
  24 deep elf pyromancers
  2 mana vipers (shapeshifter) (Depths:3)
  19 wolf spiders
  7 shining eyes
  2 tengu skeletons
  30 deep elf zephyrmancers
  An orc sorcerer (Vaults:5)
  48 ugly things
  3 oklob plants (Swamp:4)
  3 salamanders (WizLab)
  A manticore (D:15)
  2 centaur zombies
  23 moths of wrath
  5 will-o-the-wisps
  12 cyclopes
  20 vault sentinels
  6 gargoyles
  15 elephants
  4 molten gargoyles
  4 black mambas
  3 ice statues
  21 orange demons
  8 eyes of devastation
  8 rust devils
  6 torpor snails
  28 demonic crawlers
  An apocalypse crab (Abyss:1)
  3 centaur skeletons
  10 cane toads
  77 smoke demons
  5 kobold demonologists
  2 dire elephant skeletons (Pan)
  6 hellions
  22 yaktaurs
  An alligator snapping turtle skeleton (Pan)
  A sea snake zombie (Hell)
  21 tormentors
  5 komodo dragons
  An unseen horror (D:11)
  10 efreet
  2 rime drakes (Lair:3)
  A komodo dragon (shapeshifter) (Depths:3)
  2 tengu conjurers
  A golden dragon simulacrum (Hell)
  5 freezing wraiths
  A death drake zombie (Swamp:4)
  7 red devils
  2 hydra zombies (Swamp:4)
  2 polar bears
  An ancient zyme (Abyss:1)
  2 ice devils
  7 meliai
  5 trolls
  15 tarantellas
  2 bloated husks
  8 raiju (Abyss:1)
  41 hellwings
  11 tyrant leeches
  16 wind drakes (Pan)
  7 blink frogs
  A snapping turtle (shapeshifter) (Vaults:5)
  A death drake skeleton (Swamp:4)
  13 hornets
  10 dream sheep
  2 harpy skeletons (Pan)
  4 hydra skeletons
  A centaur simulacrum (Hell)
  An alligator skeleton (Hell)
  12 flying skulls (Zot:2)
  139 slime creatures
  23 jumping spiders
  Sigmund (D:5)
  17 culicivoras
  A naga simulacrum (Abyss:3)
  54 ynoxinuls
  A shadow (D:11)
  A culicivora (shapeshifter) (Elf:1)
  4 water elementals
  6 fire elementals
  A dire elephant simulacrum (Hell)
  25 yaks
  4 fire bats (D:12)
  7 wraiths
  7 wyverns
  A black mamba skeleton (Pan)
  2 vampires
  43 chaos spawn
  36 neqoxecs
  2 hogs (Elf:1)
  A sea snake simulacrum (Hell)
  15 golden eyes
  71 redbacks
  4 basilisks
  20 vampire mosquitoes
  2 steam dragons
  A harpy simulacrum (Hell)
  A naga skeleton (Pan)
  12 swamp worms
  A warg (D:15)
  A demonspawn skeleton (Pan)
  7 hell hounds
  2 acid dragons
  7 water moccasins
  2 floating eyes
  6 hydra simulacra
  An ogre skeleton (Vaults:5)
  5 swamp drakes
  48 orc warriors
  4 ice beasts
  5 black bears
  An ice dragon simulacrum (Hell)
  2 sky beasts
  An alligator simulacrum (Hell)
  4 swamp dragon zombies (Swamp:4)
  15 centaurs
  7 ogres
  8 boggarts
  21 wolves
  A wolf (shapeshifter) (D:14)
  3 phantoms
  6 bullfrogs
  27 kobold brigands
  5 small abominations
  9 necrophages
  10 earth elementals
  7 scorpions
  A glowing shapeshifter simulacrum (Vaults:2)
  2 hornet simulacra (D:8)
  4 wights (D:7)
  A swamp dragon simulacrum (Abyss:1)
  3 killer bees (D:8)
  2 oklob saplings (D:10)
  9 electric eels
  A howler monkey (D:4)
  15 crimson imps
  3 lava snakes
  A wyvern simulacrum (D:8)
  5 quasits
  5 hounds
  5 jellies
  5 human zombies
  18 orc priests
  3 iron imps
  3 gnoll boudas
  4 iguanas
  7 hell rats (Hell)
  2 lightning spires (WizLab)
  18 orc wizards
  6 mummies (Ossuary)
  13 adders
  17 gnolls
  3 river rats
  4 shadow imps
  5 white imps
  7 ufetubi
  5 worms
  2 dart slugs (D:1)
  85 orcs
  7 endoplasms
  2 giant cockroaches
  12 goblins
  13 hobgoblins
  A jackal (D:10)
  3 quokkas
  21 ball pythons
  5 bats
  4 frilled lizards
  2 gnoll zombies (Ossuary)
  A goblin skeleton (D:7)
  A goblin zombie (D:7)
  4 hobgoblin zombies
  65 kobolds
  12 kobold skeletons
  9 kobold zombies
  2 orc zombies
  6 rats
  6 ball lightnings (Pan)
  A bush (Lair:3)
  A fire vortex (D:12)
  7 starspawn tentacles
  2 tentacles (Hell)
3513 creatures vanquished.

Vanquished Creatures (collateral kills)
  A pandemonium lord (Pan)
  An Executioner (Pan)
  A death cob (Zot:3)
  A demonspawn warmonger (Pan)
  A demonspawn corrupter (Pan)
  A white draconian (Zot:3)
6 creatures vanquished.

Vanquished Creatures (others)
  An ancient lich (Vaults:5)
  3 eldritch tentacles (Pan)
  A fenstrider witch (Swamp:3)
  A fire giant (Depths:3)
  A balrug (Pan)
  A ghost moth (Spider:3)
  A vampire mage (Vaults:3)
  2 wizards
  An ugly thing (Depths:1)
  2 smoke demons
  2 flying skulls (Zot:2)
  A wraith (D:14)
  A water elemental (Abyss:1)
  A human (Elf:1)
  A kobold skeleton (D:9)
  A kobold zombie (D:9)
  9 ball lightnings (Pan)
  2 briar patches (Swamp:4)
  A bush (Abyss:3)
  8 demonic plants (Abyss:3)
  108 fire vortices
  18 foxfires
  42 fungi
  84 plants
  12 starspawn tentacles
  2 tentacles (Hell)
307 creatures vanquished.

Grand Total: 3826 creatures vanquished

Table legend:
 A = Non-vault XP
 B = Vault XP
 C = Vault XP percentage of total XP
 D = Non-vault monster count
 E = Vault monster count
 F = Vault count percentage of total count
                 A         B        C        D         E       F
            +---------+---------+-------+---------+---------+-------
      Total | 1229085 |  936696 |  43.2 |    2169 |    1293 |  37.3
            +---------+---------+-------+---------+---------+-------
        D:1 |      46 |       0 |   0.0 |      27 |       0 |   0.0
        D:2 |      40 |       0 |   0.0 |      14 |       0 |   0.0
        D:3 |     120 |      21 |  14.9 |       9 |       5 |  35.7
        D:4 |     388 |       0 |   0.0 |      24 |       0 |   0.0
        D:5 |     860 |     226 |  20.8 |      13 |       1 |   7.1
        D:6 |    2098 |       0 |   0.0 |      30 |       0 |   0.0
        D:7 |    1211 |      55 |   4.3 |      25 |      11 |  30.6
        D:8 |    1108 |    1609 |  59.2 |      32 |      41 |  56.2
        D:9 |    1992 |    1430 |  41.8 |      19 |      60 |  75.9
       D:10 |     447 |    3473 |  88.6 |       9 |      46 |  83.6
       D:11 |    6478 |    3723 |  36.5 |      28 |       9 |  24.3
       D:12 |    3365 |    8932 |  72.6 |      11 |      22 |  66.7
       D:13 |   10247 |     776 |   7.0 |      21 |       1 |   4.5
       D:14 |    7817 |    9776 |  55.6 |      22 |      21 |  48.8
       D:15 |    8246 |   10259 |  55.4 |      21 |      11 |  34.4
     Lair:1 |    5533 |       0 |   0.0 |      17 |       0 |   0.0
     Lair:2 |    5814 |    2003 |  25.6 |      17 |       8 |  32.0
     Lair:3 |    7613 |       0 |   0.0 |      29 |       0 |   0.0
     Lair:4 |    5513 |       0 |   0.0 |      23 |       0 |   0.0
     Lair:5 |   10334 |    9093 |  46.8 |      24 |      17 |  41.5
    Swamp:1 |    8425 |       0 |   0.0 |      18 |       0 |   0.0
    Swamp:2 |   21661 |    8955 |  29.2 |      36 |      14 |  28.0
    Swamp:3 |   18420 |    4850 |  20.8 |      27 |       8 |  22.9
    Swamp:4 |   10134 |   24700 |  70.9 |      20 |      38 |  65.5
   Spider:1 |   14796 |       0 |   0.0 |      42 |       0 |   0.0
   Spider:2 |   13369 |     277 |   2.0 |      37 |       1 |   2.6
   Spider:3 |   16130 |    1907 |  10.6 |      35 |       2 |   5.4
   Spider:4 |   23807 |   17732 |  42.7 |      56 |      36 |  39.1
    Slime:1 |   10815 |       0 |   0.0 |      24 |       0 |   0.0
    Slime:2 |    5390 |       0 |   0.0 |      11 |       0 |   0.0
    Slime:3 |   18831 |       0 |   0.0 |      41 |       0 |   0.0
    Slime:4 |   13878 |       0 |   0.0 |      30 |       0 |   0.0
    Slime:5 |   15941 |   20976 |  56.8 |      35 |      17 |  32.7
      Orc:1 |    1701 |     928 |  35.3 |      27 |       1 |   3.6
      Orc:2 |    2240 |    4968 |  68.9 |      22 |      36 |  62.1
      Elf:1 |   15293 |    8977 |  37.0 |      27 |      14 |  34.1
      Elf:2 |   14933 |   21254 |  58.7 |      23 |      28 |  54.9
      Elf:3 |   14897 |   39641 |  72.7 |      22 |      34 |  60.7
   Vaults:1 |   16697 |   31656 |  65.5 |      26 |      36 |  58.1
   Vaults:2 |   45280 |   28144 |  38.3 |      63 |      36 |  36.4
   Vaults:3 |   24338 |   41379 |  63.0 |      32 |      51 |  61.4
   Vaults:4 |   17343 |   20871 |  54.6 |      29 |      27 |  48.2
   Vaults:5 |   33771 |  111649 |  76.8 |      53 |      97 |  64.7
   Depths:1 |   32935 |    4644 |  12.4 |      46 |       5 |   9.8
   Depths:2 |   37328 |   12987 |  25.8 |      44 |      19 |  30.2
   Depths:3 |   33962 |   75469 |  69.0 |      34 |      61 |  64.2
   Depths:4 |   17206 |   12974 |  43.0 |      21 |      12 |  36.4
       Hell |   13401 |   39661 |  74.7 |      29 |      57 |  66.3
      Zot:1 |   33439 |       0 |   0.0 |      23 |       0 |   0.0
      Zot:2 |   52624 |   25138 |  32.3 |      43 |      30 |  41.1
      Zot:3 |   23498 |    3226 |  12.1 |      20 |       1 |   4.8
      Zot:4 |   42706 |       0 |   0.0 |      39 |       0 |   0.0
      Zot:5 |   18315 |  100875 |  84.6 |      15 |      40 |  72.7
    Abyss:1 |   38186 |    1029 |   2.6 |      65 |       6 |   8.5
    Abyss:3 |   33146 |    7186 |  17.8 |      42 |       9 |  17.6
        Pan |  394979 |  188162 |  32.3 |     597 |     223 |  27.2
      Sewer |       0 |     938 | 100.0 |       0 |      28 | 100.0
    Ossuary |       0 |     239 | 100.0 |       0 |      14 | 100.0
     Bailey |       0 |     583 | 100.0 |       0 |      24 | 100.0
     WizLab |       0 |   23345 | 100.0 |       0 |      35 | 100.0
            +---------+---------+-------+---------+---------+-------

Skill      XL: |  1  2  3  4  5  6  7  8  9 10 11 12 13 14 15 16 17 18 19 20 21 22 23 24 25 26 27 |
---------------+----------------------------------------------------------------------------------+-----
Spellcasting   | 5 6 7 8 9 10 11 12 13 14 15 16 17 18 19 22 | 22.6
Invocations    | 1 2 3 4 5 6 7 8 10 11 12 13 14 15 16 17 18 19 23 | 23.9
Fighting       | 1 2 3 5 6 7 8 9 10 11 12 13 14 15 16 17 18 22 | 22.1
Short Blades   | 1 2 3 5 6 7 8 9 10 11 12 13 14 15 16 17 18 22 | 22.1
Long Blades    | 1 2 3 5 6 7 8 9 10 11 12 13 14 15 16 17 18 22 | 22.1
Axes           | 1 2 3 5 6 7 8 9 10 11 12 13 14 15 16 17 18 22 | 22.1
Maces & Flails | 1 2 3 5 6 7 8 9 10 11 12 13 14 15 16 17 18 22 | 22.1
Polearms       | 1 2 3 5 6 7 8 9 10 11 12 13 14 15 16 18 19 20 26 | 26.5
Staves         | 1 2 3 5 6 7 8 9 10 11 12 13 14 15 16 17 18 22 | 22.1
Ranged Weapons | 1 2 3 5 6 7 8 9 10 11 12 13 14 15 16 17 18 22 | 22.1
Throwing       | 1 2 3 5 6 7 8 9 10 11 12 13 14 15 16 17 18 22 | 22.1
Armour         | 1 2 3 5 6 7 8 9 10 11 12 13 14 15 16 17 18 22 | 22.1
Shields        | 1 2 3 5 6 7 8 9 10 11 12 13 14 15 16 17 18 22 | 22.1
Unarmed Combat | 1 2 3 5 6 7 8 9 10 11 12 13 14 15 16 17 18 22 | 22.1
Evocations     | 1 2 3 5 6 7 8 9 10 11 12 13 14 15 16 17 18 22 | 22.1
Hexes          | 1 2 3 4 5 6 7 8 9 10 11 12 13 14 15 19 | 19.0
Summonings     | 1 2 3 4 5 6 7 8 9 10 11 12 13 14 15 19 | 19.0
Necromancy     | 1 2 3 4 5 6 7 8 9 10 11 12 13 14 15 19 | 19.0
Translocations | 1 2 3 4 5 6 7 8 9 10 11 12 13 14 15 19 | 19.0
Transmutations | 1 2 3 4 5 6 7 8 9 10 11 12 13 14 15 19 | 19.0
Fire Magic     | 1 2 3 4 5 6 7 8 9 10 11 12 13 14 15 19 | 19.0
Ice Magic      | 1 2 3 4 5 6 7 8 9 10 11 12 13 14 15 19 | 19.0
Air Magic      | 1 2 3 4 5 6 7 8 9 10 11 12 13 14 15 19 | 19.0
Earth Magic    | 1 2 3 4 5 6 7 8 9 10 11 12 13 14 15 19 | 19.0
Poison Magic   | 1 2 3 4 5 6 7 8 9 10 11 12 13 14 15 19 | 19.0
Dodging        | 5 6 7 8 9 10 11 12 13 14 15 16 17 18 22 | 22.5
Stealth        | 5 6 7 8 9 10 11 12 13 14 15 16 17 18 22 | 22.5
Conjurations   | 8 9 10 11 12 13 14 15 16 17 20 | 20.1

Action                     |  1- 3 |  4- 6 |  7- 9 | 10-12 | 13-15 | 16-18 | 19-21 | 22-24 | 25-27 || total
---------------------------+-------+-------+-------+-------+-------+-------+-------+-------+-------++-------
  Melee: Whip              |     4 |       |       |       |       |       |       |       |       ||     4
         Short sword       |       |    14 |    64 |   172 |       |       |       |       |   916 ||  1166
         Bite              |       |     1 |     5 |    63 |    27 |    11 |    60 |    70 |   267 ||   504
         Punch             |       |       |     1 |    22 |       |       |       |       |       ||    23
         Staff             |       |       |       |   241 |   153 |    41 |   283 |   335 |   334 ||  1387
         Eveningstar       |       |       |       |       |    61 |       |       |       |       ||    61
         Unarmed           |       |       |       |       |       |       |       |       |     4 ||     4
  Throw: Dart              |       |       |     2 |     3 |       |       |       |       |       ||     5
         Boomerang         |       |       |     1 |     6 |       |       |       |       |     4 ||    11
         Javelin           |       |       |       |     3 |       |       |       |       |       ||     3
   Cast: Magic Dart        |    76 |    30 |   184 |   231 |    67 |    18 |     2 |     3 |    12 ||   623
         Searing Ray       |     1 |    10 |    34 |    39 |     5 |     1 |     1 |       |     1 ||    92
         Iskenderun's Myst |       |       |    11 |    78 |   119 |   138 |   360 |   364 |   798 ||  1868
         Fireball          |       |       |       |   122 |   265 |   312 |   332 |   387 |   764 ||  2182
         Hailstorm         |       |       |       |    13 |    21 |     6 |    39 |    12 |    24 ||   115
         Lee's Rapid Decon |       |       |       |     2 |    18 |     6 |     9 |    20 |    32 ||    87
         Orb of Destructio |       |       |       |       |     2 |    17 |    45 |    22 |    12 ||    98
         Starburst         |       |       |       |       |       |       |       |     1 |     2 ||     3
         Lehudib's Crystal |       |       |       |       |       |       |       |       |  1001 ||  1001
         Fire Storm        |       |       |       |       |       |       |       |       |    56 ||    56
         Shatter           |       |       |       |       |       |       |       |       |    13 ||    13
         Spellforged Servi |       |       |       |       |       |       |       |       |     3 ||     3
  Evoke: Wand              |       |       |       |       |     4 |       |     3 |       |     8 ||    15
         Lightning rod     |       |       |       |       |       |       |     8 |       |     6 ||    14
         Horn of Geryon    |       |       |       |       |       |       |       |       |     3 ||     3
         Box of beasts     |       |       |       |       |       |       |       |       |     1 ||     1
         Phial of floods   |       |       |       |       |       |       |       |       |     1 ||     1
         Phantom mirror    |       |       |       |       |       |       |       |       |     1 ||     1
    Use: Scroll            |     8 |     1 |     5 |     8 |    13 |     2 |     2 |     5 |    26 ||    70
         Potion            |       |       |     3 |     2 |       |     1 |     6 |     4 |    27 ||    43
   Stab: Distracted        |       |     1 |       |       |       |       |       |     5 |    29 ||    35
         Sleeping          |       |       |       |       |     1 |       |     1 |    16 |    23 ||    41
         Invisible         |       |       |       |       |       |       |       |       |     3 ||     3
 Armour: Robe              |     6 |       |    20 |   137 |   122 |    62 |   147 |   107 |   386 ||   987
         Steam dragon scal |       |       |     3 |       |       |       |       |       |       ||     3
  Dodge: Dodged            |    14 |     8 |    88 |   308 |   315 |   113 |   256 |   292 |  1291 ||  2685
  Block: Other             |       |     5 |    32 |    98 |       |       |       |       |       ||   135
         Reflection        |       |       |     4 |    10 |    13 |     1 |       |    18 |    10 ||    56
         Orb               |       |       |       |     5 |    91 |    20 |    76 |    75 |    62 ||   329
         Buckler           |       |       |       |       |       |       |       |       |   519 ||   519

Illustrated notes

Table legend:
 A = Kills in this place as a percentage of kills in the entire game.
 B = Kills by you in this place as a percentage of kills by you in the entire game.
 C = Kills by friends in this place as a percentage of kills by friends in the entire game.
 D = Other kills in this place as a percentage of other kills in the entire game.
 E = Experience gained in this place as a percentage of experience gained in the entire game.
 F = Experience gained in this place divided by the number of levels of this place that you have seen.
                   A       B       C       D       E      F
               +-------+-------+-------+-------+-------+----------------------
         Total | 100.0 | 100.0 | 100.0 | 100.0 | 100.0 | 29100.3
       Dungeon |  15.6 |  15.6 |   0.0 |  18.2 |   4.4 | 6389.3
          Lair |   3.9 |   3.9 |   0.0 |   0.0 |   2.1 | 9180.6
         Swamp |   4.6 |   4.6 |   0.0 |   9.1 |   4.5 | 24286.2
   Spider Nest |   6.0 |   6.0 |   0.0 |   9.1 |   4.0 | 22004.5
    Slime Pits |   4.5 |   4.6 |   0.0 |   0.0 |   3.9 | 17166.2
  Orcish Mines |   2.5 |   2.5 |   0.0 |   0.0 |   0.5 | 4918.5
   Elven Halls |   4.3 |   4.3 |   0.0 |   0.0 |   5.3 | 38331.7
        Vaults |  12.9 |  12.9 |   0.0 |  27.3 |  17.0 | 74225.6
        Depths |   7.0 |   7.0 |   0.0 |  18.2 |  10.5 | 57091.5
          Hell |   2.5 |   2.5 |   0.0 |   9.1 |   2.4 | 53062.0
           Zot |   6.3 |   6.2 |  33.3 |   0.0 |  14.0 | 60921.0
         Abyss |   3.5 |   3.5 |   0.0 |   0.0 |   3.6 | 26515.7
   Pandemonium |  23.6 |  23.5 |  66.7 |   9.1 |  26.7 | 44857.0
         Sewer |   0.8 |   0.8 |   0.0 |   0.0 |   0.0 | 938.0
       Ossuary |   0.4 |   0.4 |   0.0 |   0.0 |   0.0 | 239.0
        Bailey |   0.7 |   0.7 |   0.0 |   0.0 |   0.0 | 583.0
        Wizlab |   1.0 |   1.0 |   0.0 |   0.0 |   1.1 | 23345.0
               +-------+-------+-------+-------+-------+----------------------

Table legend: (Time is in decaauts)
 A = Elapsed time spent in this place.
 B = Non-inter-level travel time spent in this place.
 C = Inter-level travel time spent in this place.
 D = Time resting spent in this place.
 E = Time spent auto-exploring this place.
 F = Levels seen in this place.
 G = Mean time per level.
                   A        B        C        D        E       F      G
               +--------+--------+--------+--------+--------+-----+--------+
         Total | 112002 | 103756 |   8246 |   9317 |  74678 |  75 | 1493.4 |
       Dungeon |  24255 |  21977 |   2278 |    990 |  17534 |  15 | 1617.0 |
        Temple |    443 |    289 |    154 |      0 |    278 |   1 |  443.0 |
          Lair |   6161 |   5684 |    477 |    296 |   4811 |   5 | 1232.2 |
         Swamp |   5658 |   5520 |    138 |    685 |   4144 |   4 | 1414.5 |
   Spider Nest |   5889 |   5682 |    207 |    748 |   4168 |   4 | 1472.2 |
    Slime Pits |   3953 |   3795 |    158 |   1052 |   2200 |   5 |  790.6 |
  Orcish Mines |   2553 |   2272 |    281 |      0 |   2028 |   2 | 1276.5 |
   Elven Halls |   4022 |   3666 |    356 |     61 |   2981 |   3 | 1340.7 |
        Vaults |  12641 |  11112 |   1529 |    466 |   8673 |   5 | 2528.2 |
        Depths |  11202 |   9800 |   1402 |   1671 |   6753 |   4 | 2800.5 |
          Hell |    988 |    919 |     69 |      0 |    698 |   1 |  988.0 |
           Zot |   9489 |   8297 |   1192 |   1874 |   4815 |   5 | 1897.8 |
         Abyss |   1207 |   1207 |      0 |     45 |    195 |   3 |  402.3 |
   Pandemonium |  19768 |  19768 |      0 |   1378 |  12443 |  13 | 1520.6 |
        Bazaar |     73 |     73 |      0 |      0 |     65 |   1 |   73.0 |
         Sewer |   1672 |   1672 |      0 |      0 |   1389 |   1 | 1672.0 |
       Ossuary |    482 |    482 |      0 |      3 |    368 |   1 |  482.0 |
        Bailey |    797 |    797 |      0 |     47 |    574 |   1 |  797.0 |
        Wizlab |    742 |    742 |      0 |      0 |    558 |   1 |  742.0 |
               +--------+--------+--------+--------+--------+-----+--------+

Top non-repeatable levels by time:
Depths:1: 3573 daAuts
   Zot:1: 3429 daAuts
Vaults:5: 3332 daAuts
Depths:3: 3239 daAuts
Vaults:2: 3195 daAuts
Depths:2: 2696 daAuts
    D:11: 2547 daAuts
Vaults:3: 2529 daAuts
    D:14: 2455 daAuts
    D:12: 2429 daAuts
Spider:3: 2221 daAuts
Vaults:1: 2216 daAuts
     D:9: 2138 daAuts
Spider:4: 1979 daAuts
    D:15: 1965 daAuts
